Workbook
Name AXL_Debt: [1]AXL_BS!$B$65
Name AXL_Debt: [2]AXL_BS!$B$65
Name BEA_Debt: #REF!
Name BEA_Debt: #REF!
Name BEA_Debt: #REF!
Name BEA_Debt: #REF!
Name BEA_Debt: #REF!
Name BEA_Debt: #REF!
Name BEA_Debt: #REF!
Name BEA_Debt: #REF!
Name BEA_Debt: #REF!
Name BWA_Debt: [1]BWA_BS!$B$111
Name BWA_Debt: [2]BWA_BS!$B$111
Name DAN_Debt: [1]DAN_BS!$B$94
Name DAN_Debt: [2]DAN_BS!$B$94
Name GNTX_NCI: [1]GNTX_LTM!$E$13
Name GNTX_NCI: [2]GNTX_LTM!$E$13
Name GNTX_Net_Debt: [1]GNTX_LTM!$E$11
Name GNTX_Net_Debt: [2]GNTX_LTM!$E$11
Name GNTX_PS: [1]GNTX_LTM!$E$12
Name GNTX_PS: [2]GNTX_LTM!$E$12
Name IQ_CH: 110000
Name IQ_CQ: 5000
Name IQ_CY: 10000
Name IQ_DAILY: 500000
Name IQ_FH: 100000
Name IQ_FQ: 500
Name IQ_FY: 1000
Name IQ_LTM: 2000
Name IQ_MONTH: 15000
Name IQ_NTM: 6000
Name IQ_WEEK: 50000
Name IQ_YTD: 3000
Name Krispy_Cash_LQ: [3]KKD_BS_LQ!$B$3
Name Krispy_Cash_LQ: #REF!
Name Krispy_Cash_LQ: [3]KKD_BS_LQ!$B$3
Name Krispy_Cash_LQ: [3]KKD_BS_LQ!$B$3
Name Krispy_Cash_LQ: [3]KKD_BS_LQ!$B$3
Name Krispy_Cash_LQ: [3]KKD_BS_LQ!$B$3
Name Krispy_Cash_LQ: [3]KKD_BS_LQ!$B$3
Name Krispy_Cash_LQ: [3]KKD_BS_LQ!$B$3
Name Krispy_Cash_LQ: [4]KKD_BS_LQ!$B$3
Name Krispy_EBITDA_LTM: [3]KKD_LTM!$E$6
Name Krispy_EBITDA_LTM: [3]KKD_LTM!$E$6
Name Krispy_EBITDA_LTM: [3]KKD_LTM!$E$6
Name Krispy_EBITDA_LTM: [3]KKD_LTM!$E$6
Name Krispy_EBITDA_LTM: [3]KKD_LTM!$E$6
Name Krispy_EBITDA_LTM: [3]KKD_LTM!$E$6
Name Krispy_EBITDA_LTM: [3]KKD_LTM!$E$6
Name Krispy_EBITDA_LTM: [4]KKD_LTM!$E$6
Name LEA_Debt: [1]LEA_BS!$B$58
Name LEA_Debt: [2]LEA_BS!$B$58
Name THRM_Debt: [1]THRM_BS!$B$78
Name THRM_Debt: [2]THRM_BS!$B$78
Name VC_Debt: [1]VC_BS!$B$109
Name VC_Debt: [2]VC_BS!$B$109

Sheet Possible_Comps
B2: Sector | C2: Consumer Cyclical
B3: Industry | C3: Travel Services
B5: Source | C5: Peers
B6: Proxy Statement | C6: Activision Blizzard, Inc. Booking Holdings, Inc. Alliance Data Systems Corporation eBay, Inc. Electronic Arts Inc. First Data Corporation Hilton Worldwide Holdings, Inc. Intuit Inc. Marriott International Inc. PayPal Holdings, Inc. salesforce.com, inc. TripAdvisor, Inc. Vmware, Inc Zillow Group, Inc.
B7: MorningStar | C7: Bookings Holding Inc.
B8: Mergent Equity Report | C8: Sabre Corp Boyd Gaming Corp. Viad Corp
B9: Seeking Alpha | C9: Trip.com Group Ltd

Sheet Selecting_Comps
B2: List of Possible Competitors | C2: Source | D2: Business Description
B3: BKNG | C3: Morningstar | D3: Booking is the world’s largest online travel agency by revenue, offering booking services for hotel and vacation rooms, airline tickets, rental cars, restaurant reservations, cruises, experiences, and other vacation packages. The company operates a number of branded travel booking sites, including Priceline.com, Booking.com, Agoda, OpenTable, and Rentalcars.com, and has expanded into travel media with the acquisitions of Kayak and Momondo. Transaction fees for online bookings account for the bulk of revenue and profits.
B4: TRIP | C4: Proxy Statement | D4: TripAdvisor is the world’s leading travel metasearch company. The website offers 859 million reviews and information on 8.6 million accommodations, restaurants, experiences, airlines, and cruises. At the end of 2019, TripAdvisor hosted a leading 345,000 online bookable experiences. In 2019, 60% of revenue came from the company's hotel, media and platform segment, which includes hotel revenue generated through advertising on its metasearch platform as well as commissions received on its Instant Booking platform. Experiences and dining represented 29% of revenue with the remainder consisting of flight, rental, and non-branded TripAdvisor sales.
B5: SABR | C5: Mergent | D5: Sabre holds the number-two share of global distribution system air bookings (38.8% as of the end of 2019 versus 37.1% in 2018). The global distribution system segment represented 73% of total 2019 revenue. The company also has a growing IT solutions division (27% of revenue) that focuses on the airline, hospitality, and travel agent end markets. Transaction fees, which are tied to volume and not price, account for the bulk of revenue and profits.
B6: TCOM | C6: Seeking Alpha | D6: Ctrip.com is the largest online travel agency in China. The company generates about 82% of sales by serving as a consolidator for hotel reservations and air ticketing transactions. The rest of Ctrip's revenue comes from package tours and corporate travel. More than 80% of its sales come through websites and mobile platforms, while the rest come from call centers. The company was founded in 1999 and listed on the Nasdaq in December 2003.

Sheet Financial Ratios 
B2: Expedia (EXPE) Financial Ratios
C4: 2015 | D4: =C4+1 -> 2016 | E4: =D4+1 -> 2017 | F4: =E4+1 -> 2018 | G4: =F4+1 -> 2019 | H4: Industry Average
A5: Liquidity
B6: Quick Ratio | C6: ='Balance Sheet'!B27/'Balance Sheet'!B51 -> 0.50265819 | D6: ='Balance Sheet'!C27/'Balance Sheet'!C51 -> 0.56310421 | E6: ='Balance Sheet'!D27/'Balance Sheet'!D51 -> 0.70311042 | F6: ='Balance Sheet'!E27/'Balance Sheet'!E51 -> 0.64478908 | G6: ='Balance Sheet'!F27/'Balance Sheet'!F51 -> 0.72195259 | H6: ='Comparisons 2018'!B43 -> 0.84
A8: Activity/Efficiency
B9: Inventory Days | C9: N/A | D9: 0 | E9: 0 | F9: 0 | G9: 0 | H9: =365/'Comparisons 2018'!C43 -> 6.0131796
B10: Asset Turnover | C10: N/A | D10: ='Income Statement'!C16/AVERAGE('Balance Sheet'!B43:C43) -> 0.56094521 | E10: ='Income Statement'!D16/AVERAGE('Balance Sheet'!C43:D43) -> 0.58669658 | F10: ='Income Statement'!E16/AVERAGE('Balance Sheet'!D43:E43) -> 0.6141407 | G10: ='Income Statement'!F16/AVERAGE('Balance Sheet'!E43:F43) -> 0.61177723 | H10: =365/'Comparisons 2018'!C43 -> 6.0131796
B11: Fixed Asset Turnover | C11: N/A | D11: ='Income Statement'!C16/AVERAGE('Balance Sheet'!B34:C44) -> 2.619471 | E11: ='Income Statement'!D16/AVERAGE('Balance Sheet'!C34:D44) -> 2.7494508 | F11: ='Income Statement'!E16/AVERAGE('Balance Sheet'!D34:E44) -> 2.8569864 | G11: ='Income Statement'!F16/AVERAGE('Balance Sheet'!E34:F44) -> 3.0013502 | H11: -
A13: Leverage/Coverage
B14: Debt Ratio | C14: =('Balance Sheet'!B43-'Balance Sheet'!B70)/'Balance Sheet'!B43 -> 0.99578342 | D14: =('Balance Sheet'!C43-'Balance Sheet'!C70)/'Balance Sheet'!C43 -> 0.90107448 | E14: =('Balance Sheet'!D43-'Balance Sheet'!D70)/'Balance Sheet'!D43 -> 0.91324988 | F14: =('Balance Sheet'!E43-'Balance Sheet'!E70)/'Balance Sheet'!E43 -> 0.91421283 | G14: =('Balance Sheet'!F43-'Balance Sheet'!F70)/'Balance Sheet'!F43 -> 0.92673702 | H14: -
B15: Times Interest Earned | C15: ='Income Statement'!B26/'Income Statement'!B28 -> 3.277198 | D15: ='Income Statement'!C26/'Income Statement'!C28 -> 2.6665165 | E15: ='Income Statement'!D26/'Income Statement'!D28 -> 3.4402681 | F15: ='Income Statement'!E26/'Income Statement'!E28 -> 3.7578947 | G15: ='Income Statement'!F26/'Income Statement'!F28 -> 5.2196532 | H15: -
A17: Profitability
B18: ROA | C18: N/A | D18: ='Income Statement'!C53/AVERAGE('Balance Sheet'!B43:C43) -> 0.01802019 | E18: ='Income Statement'!D53/AVERAGE('Balance Sheet'!C43:D43) -> 0.022043104 | F18: ='Income Statement'!E53/AVERAGE('Balance Sheet'!D43:E43) -> 0.022216976 | G18: ='Income Statement'!F53/AVERAGE('Balance Sheet'!E43:F43) -> 0.028644579 | H18: ='Comparisons 2018'!F43/100 -> 0.0444
B19: ROE | C19: N/A | D19: ='Income Statement'!C53/AVERAGE('Balance Sheet'!B71:C71) -> 0.053064379 | E19: ='Income Statement'!D53/AVERAGE('Balance Sheet'!C71:D71) -> 0.06394426 | F19: ='Income Statement'!E53/AVERAGE('Balance Sheet'!D71:E71) -> 0.068932918 | G19: ='Income Statement'!F53/AVERAGE('Balance Sheet'!E71:F71) -> 0.1010101 | H19: ='Comparisons 2018'!G43/100 -> 0.166
A21: Decompose ROE using Dupont Identity
B22: Profit Margin | C22: ='Income Statement'!B53/'Income Statement'!B16 -> 0.11457264 | D22: ='Income Statement'!C53/'Income Statement'!C16 -> 0.032124687 | E22: ='Income Statement'!D53/'Income Statement'!D16 -> 0.037571557 | F22: ='Income Statement'!E53/'Income Statement'!E16 -> 0.036175711 | G22: ='Income Statement'!F53/'Income Statement'!F16 -> 0.046821911 | H22: ='Comparisons 2018'!H43/100 -> 0.074
B23: Asset Turnover | C23: =C10 -> N/A | D23: =D10 -> 0.56094521 | E23: =E10 -> 0.58669658 | F23: =F10 -> 0.6141407 | G23: =G10 -> 0.61177723 | H23: ='Comparisons 2018'!D43 -> 0.72
B24: Equity Multipler | C24: N/A | D24: =AVERAGE('Balance Sheet'!B43:C43)/AVERAGE('Balance Sheet'!B71:C71) -> 2.9447181 | E24: =AVERAGE('Balance Sheet'!C43:D43)/AVERAGE('Balance Sheet'!C71:D71) -> 2.9008737 | F24: =AVERAGE('Balance Sheet'!D43:E43)/AVERAGE('Balance Sheet'!D71:E71) -> 3.1027138 | G24: =AVERAGE('Balance Sheet'!E43:F43)/AVERAGE('Balance Sheet'!E71:F71) -> 3.5263252 | H24: -
D25: =PRODUCT(D22:D24) -> 0.053064379 | E25: =PRODUCT(E22:E24) -> 0.06394426 | F25: =PRODUCT(F22:F24) -> 0.068932918 | G25: =PRODUCT(G22:G24) -> 0.1010101

Sheet Football Field Chart
A1: GENTEX (GNTX) VALUATION SUMMARY
B3: Valuation date | C3: 43946
B4: Current share price | C4: 66.57
B7: Data for graph | J7: Inputs
B8: Methodology | F8: Low | G8: Dif. | H8: High | J8: Low | K8: High | M8: Current share price
B9: Public comps EV/Sales range 0.0x-0.0x | C9: ="Public compy EV/Sales range: "&TEXT(J9,"0.0x")&"-"&TEXT(K9,"0.0x") -> Public compy EV/Sales range: 2.2x-2.6x | F9: =EXPE_Comps!C21 -> 163.77008 | G9: =H9-F9 -> 33.491738 | H9: =EXPE_Comps!C22 -> 197.26181 | J9: =EXPE_Comps!G21 -> 2.2 | K9: =EXPE_Comps!G22 -> 2.6 | M9: =$C$4 -> 66.57
B10: Public comps EV/EBITDA range 0.0x-0.0x | C10: ="Public compy EV/EBITDA range: "&TEXT(J10,"0.0x")&"-"&TEXT(K10,"0.0x") -> Public compy EV/EBITDA range: 8.8x-10.8x | F10: =EXPE_Comps!C25 -> 104.89131 | G10: =H10-F10 -> 28.884606 | H10: =EXPE_Comps!C26 -> 133.77591 | J10: =EXPE_Comps!I25 -> 8.7934972 | K10: =EXPE_Comps!I26 -> 10.820189 | M10: =$C$4 -> 66.57
B11: DCF w/ perpetuity growth range 0.0%-0.0% | C11: ="DCF w/ perpetuity growth range: "&TEXT(J11,"0.0%")&"-"&TEXT(K11,"0.0%") -> DCF w/ perpetuity growth range: 1.5%-4.5% | F11: =DCF!H168 -> 285.05308 | G11: =H11-F11 -> 158.67873 | H11: =DCF!H174 -> 443.73181 | J11: =DCF!C168 -> 0.015 | K11: =DCF!C174 -> 0.045 | M11: =$C$4 -> 66.57
B12: DCF w/ EBITDA exit multiple range 0.0x-0.0x | C12: ="DCF w/ EBITDA exit multiple range: "&TEXT(J12,"0.0x")&"-"&TEXT(K12,"0.0x") -> DCF w/ EBITDA exit multiple range: 15.3x-30.3x | F12: =DCF!D159 -> 261.08637 | G12: =H12-F12 -> 215.8158 | H12: =DCF!N159 -> 476.90217 | J12: =DCF!D158 -> 15.32 | K12: =DCF!N158 -> 30.32 | M12: =$C$4 -> 66.57
B13: 52 week high-low | C13: 52 week high-low | F13: 40.76 | G13: =H13-F13 -> 103.24 | H13: 144 | M13: =$C$4 -> 66.57

Sheet EXPE_Comps
A1: Valuation with Public Comparables
A2: (Figures in millions, except for per share data)
A3: Valuation for period ended 12/31/2018
G4: Enterprise Value Multiples | M4: Equity Value Multiples
G5: _ | K5: _
E6: Market Value | F6: Enterprise | J6: Forward | K6: 5 year growth | L6: BV | M6: Forward | N6: Forward | O6: Price(Market)- | P6: Cash/MS as
A7: Company | B7: Ticker | C7: Share price | E7: of Equity | F7: Value | G7: EV/Sales | H7: EV/EBIT | I7: EV/EBITDA | J7: EPS | K7: rate | L7: Equity | M7: P/E | N7: PEG | O7: to-Book | P7: % of TA
A8: Expedia Group Inc. | B8: EXPE | C8: 66.57 | E8: 9319 | F8: =E8+SUM(EXPE_LTM!$G$11:$G$13) -> 12264 | G8: =F8/EXPE_LTM!$G$5 -> 1.0163255 | H8: =F8/EXPE_LTM!$G$6 -> 13.581395 | I8: =F8/EXPE_LTM!$G$7 -> 5.9707887 | J8: 5.85 | K8: 0.0726 | L8: 3967 | M8: =C8/J8 -> 11.379487 | N8: =M8/(K8*100) -> 1.5674225 | O8: =E8/L8 -> 2.3491303 | P8: =EXPE_LTM!$G$15/EXPE_LTM!$G$16 -> 0.19116548
A9: Bookings Holding Inc. | B9: BKNG | C9: 1362.77 | E9: 55985 | F9: =E9+SUM(BKNG_LTM!$G$11:$G$13) -> 56777 | G9: =F9/BKNG_LTM!$G$5 -> 3.7685517 | H9: =F9/BKNG_LTM!$G$6 -> 10.622451 | I9: =F9/BKNG_LTM!$G$7 -> 9.7655659 | J9: 101.39 | K9: 0.0565 | L9: 5933 | M9: =C9/J9 -> 13.440872 | N9: =M9/(K9*100) -> 2.3789154 | O9: =E9/L9 -> 9.4362043 | P9: =BKNG_LTM!$G$15/BKNG_LTM!$G$16 -> 0.34155686
A10: TripAdvisor, Inc. | B10: TRIP | C10: 18.44 | E10: 2509 | F10: =E10+SUM(TRIP_LTM!$G$11:$G$13) -> 2190 | G10: =F10/TRIP_LTM!$G$5 -> 1.4038462 | H10: =F10/TRIP_LTM!$G$6 -> 11.71123 | I10: =F10/TRIP_LTM!$G$7 -> 7.8214286 | J10: 1.52 | K10: 0.0015 | L10: 1161 | M10: =C10/J10 -> 12.131579 | N10: =M10/(K10*100) -> 80.877193 | O10: =E10/L10 -> 2.161068 | P10: =TRIP_LTM!$G$15/TRIP_LTM!$G$16 -> 0.16078629
A11: Sabre Corp | B11: SABR | C11: 5.59 | E11: 1530 | F11: =E11+SUM(SABR_LTM!$G$11:$G$13) -> 4445.84 | G11: =F11/SABR_LTM!$G$5 -> 1.1184509 | H11: =F11/SABR_LTM!$G$6 -> 12.23344 | I11: =F11/SABR_LTM!$G$7 -> 5.7141682 | J11: 0.15 | K11: 0.0521 | L11: 939 | M11: =C11/J11 -> 37.266667 | N11: =M11/(K11*100) -> 7.1529111 | O11: =E11/L11 -> 1.629393 | P11: =SABR_LTM!$G$15/SABR_LTM!$G$16 -> 0.07665717
A12: Trip.com Group Ltd | B12: TCOM | C12: 23.78 | E12: 14103 | F12: =E12+SUM(TCOM_LTM!$G$11:$G$13) -> 18601 | G12: =F12/TCOM_LTM!$G$5 -> 3.6266329 | H12: =F12/TCOM_LTM!$G$6 -> 25.727524 | I12: =F12/TCOM_LTM!$G$7 -> 19.979592 | J12: 10.33 | K12: 0.1294 | L12: 103442 | M12: =C12/J12 -> 2.3020329 | N12: =M12/(K12*100) -> 0.17790053 | O12: =E12/L12 -> 0.13633727 | P12: =TCOM_LTM!$G$15/TCOM_LTM!$G$16 -> 0.10865331
F14: High | G14: =MAX(G9:G12) -> 3.7685517 | H14: =MAX(H9:H12) -> 25.727524 | I14: =MAX(I9:I12) -> 19.979592 | M14: =MAX(M9:M12) -> 37.266667 | N14: =MAX(N9:N12) -> 80.877193 | O14: =MAX(O9:O12) -> 9.4362043 | P14: =MAX(P9:P12) -> 0.34155686
F15: Mean | G15: =AVERAGE(G9:G12) -> 2.4793704 | H15: =AVERAGE(H9:H12) -> 15.073661 | I15: =AVERAGE(I9:I12) -> 10.820189 | M15: =AVERAGE(M9:M12) -> 16.285288 | N15: =AVERAGE(N9:N12) -> 22.64673 | O15: =AVERAGE(O9:O12) -> 3.3407506 | P15: =AVERAGE(P9:P12) -> 0.17191341
F16: Median | G16: =MEDIAN(G9:G12) -> 2.5152395 | H16: =MEDIAN(H9:H12) -> 11.972335 | I16: =MEDIAN(I9:I12) -> 8.7934972 | M16: =MEDIAN(M9:M12) -> 12.786225 | N16: =MEDIAN(N9:N12) -> 4.7659132 | O16: =MEDIAN(O9:O12) -> 1.8952305 | P16: =MEDIAN(P9:P12) -> 0.1347198
F17: Low | G17: =MIN(G9:G12) -> 1.1184509 | H17: =MIN(H9:H12) -> 10.622451 | I17: =MIN(I9:I12) -> 5.7141682 | M17: =MIN(M9:M12) -> 2.3020329 | N17: =MIN(N9:N12) -> 0.17790053 | O17: =MIN(O9:O12) -> 0.13633727 | P17: =MIN(P9:P12) -> 0.07665717
C20: Implied price per share | D20: Diluted shares outstanding | E20: Implied Equity Value | F20: Implied Enterprise Value | G20: Range of EV/Sales | H20: Range of EV/EBIT | I20: Range of EV/EBITDA | M20: Range of Forward P/E | N20: Range of Forward PEG | O20: Range of Price-to-Book | P20: Excess Cash
A21: Expedia Group Inc. | C21: =E21/D21 -> 163.77008 | D21: =DCF!$I$51/1000 -> 144.11912 | E21: =F21-SUM(EXPE_LTM!$G$11:$G$13) -> 23602.4 | F21: =G21*EXPE_LTM!$G$5 -> 26547.4 | G21: 2.2 | P21: =MAX(EXPE_LTM!G15-(EXPE_Comps!P15*EXPE_LTM!G16),0) -> 412.30244
C22: =E22/D22 -> 197.26181 | D22: =DCF!$I$51/1000 -> 144.11912 | E22: =F22-SUM(EXPE_LTM!$G$11:$G$13) -> 28429.2 | F22: =G22*EXPE_LTM!$G$5 -> 31374.2 | G22: 2.6
C23: =E23/D23 -> 54.579976 | D23: =DCF!$I$51/1000 -> 144.11912 | E23: =F23-SUM(EXPE_LTM!$G$11:$G$13) -> 7866.0184 | F23: =H23*EXPE_LTM!$G$6 -> 10811.018 | H23: =H16 -> 11.972335
C24: =E24/D24 -> 74.011802 | D24: =DCF!$I$51/1000 -> 144.11912 | E24: =F24-SUM(EXPE_LTM!$G$11:$G$13) -> 10666.516 | F24: =H24*EXPE_LTM!$G$6 -> 13611.516 | H24: =H15 -> 15.073661
C25: =E25/D25 -> 104.89131 | D25: =DCF!$I$51/1000 -> 144.11912 | E25: =F25-SUM(EXPE_LTM!$G$11:$G$13) -> 15116.843 | F25: =I25*EXPE_LTM!$G$7 -> 18061.843 | I25: =I16 -> 8.7934972
C26: =E26/D26 -> 133.77591 | D26: =DCF!$I$51/1000 -> 144.11912 | E26: =F26-SUM(EXPE_LTM!$G$11:$G$13) -> 19279.667 | F26: =I26*EXPE_LTM!$G$7 -> 22224.667 | I26: =I15 -> 10.820189
C27: =M27*M8 -> 145.50069 | M27: =M16 -> 12.786225
C28: =M28*M8 -> 185.31822 | M28: =M15 -> 16.285288
C29: =N29*$K$8*$J$8*100 -> 202.4131 | N29: =N16 -> 4.7659132
C30: =N30*$K$8*$J$8*100 -> 961.82927 | N30: =N15 -> 22.64673
C31: =E31/D31 -> 91.956968 | D31: =DCF!$I$51/1000 -> 144.11912 | E31: =O31*L8 -> 13252.758 | O31: =O15 -> 3.3407506
C32: =E32/D32 -> 78.021585 | D32: =DCF!$I$51/1000 -> 144.11912 | E32: =O32*L9 -> 11244.403 | O32: =O16 -> 1.8952305

Sheet DCF
B1: Expedia (EXPE) DISCOUNTED CASH FLOWS MODEL
B2: Fiscal year ends in December USD in thousands except per share data.
B3: Brett Potomac, Cole Anderson, Justin Sandhu
A4: x | B4: FORECASTING CASH FLOWS
F6: Historical | K6: Projected
F7: 2015 | G7: =F7+1 -> 2016 | H7: =G7+1 -> 2017 | I7: =H7+1 -> 2018 | J7: =I7+1 -> 2019 | K7: =J7+1 -> 2020 | L7: =K7+1 -> 2021 | M7: =L7+1 -> 2022 | N7: =M7+1 -> 2023 | O7: =N7+1 -> 2024
B8: Revenue | F8: =VLOOKUP($B8, 'Income Statement'!$A$11:$F$66, MATCH(DCF!F$7, 'Income Statement'!$A$11:$F$11,0),FALSE) -> 6672317 | G8: =VLOOKUP($B8, 'Income Statement'!$A$11:$F$66, MATCH(DCF!G$7, 'Income Statement'!$A$11:$F$11,0),FALSE) -> 8773564 | H8: =VLOOKUP($B8, 'Income Statement'!$A$11:$F$66, MATCH(DCF!H$7, 'Income Statement'!$A$11:$F$11,0),FALSE) -> 10059844 | I8: =VLOOKUP($B8, 'Income Statement'!$A$11:$F$66, MATCH(DCF!I$7, 'Income Statement'!$A$11:$F$11,0),FALSE) -> 11223000 | J8: =VLOOKUP($B8, 'Income Statement'!$A$11:$F$66, MATCH(DCF!J$7, 'Income Statement'!$A$11:$F$11,0),FALSE) -> 12067000 | K8: =J8*(1+K28) -> 4826800 | L8: =K8*(1+L28) -> 7722880 | M8: =L8*(1+M28) -> 11970464 | N8: =M8*(1+N28) -> 12928101 | O8: =N8*(1+O28) -> 13962349
B9: Cost of revenue | F9: =VLOOKUP($B9, 'Income Statement'!$A$11:$F$66, MATCH(DCF!F$7, 'Income Statement'!$A$11:$F$11,0),FALSE) -> 1309559 | G9: =VLOOKUP($B9, 'Income Statement'!$A$11:$F$66, MATCH(DCF!G$7, 'Income Statement'!$A$11:$F$11,0),FALSE) -> 1596698 | H9: =VLOOKUP($B9, 'Income Statement'!$A$11:$F$66, MATCH(DCF!H$7, 'Income Statement'!$A$11:$F$11,0),FALSE) -> 1756531 | I9: =VLOOKUP($B9, 'Income Statement'!$A$11:$F$66, MATCH(DCF!I$7, 'Income Statement'!$A$11:$F$11,0),FALSE) -> 1965000 | J9: =VLOOKUP($B9, 'Income Statement'!$A$11:$F$66, MATCH(DCF!J$7, 'Income Statement'!$A$11:$F$11,0),FALSE) -> 2163000 | K9: =K8*K29 -> 796422 | L9: =L8*L29 -> 1293582.4 | M9: =M8*M29 -> 2034978.9 | N9: =N8*N29 -> 2230097.4 | O9: =O8*O29 -> 2443411.1
B10: Gross Profit | F10: =F8-F9 -> 5362758 | G10: =G8-G9 -> 7176866 | H10: =H8-H9 -> 8303313 | I10: =I8-I9 -> 9258000 | J10: =J8-J9 -> 9904000 | K10: =K8-K9 -> 4030378 | L10: =L8-L9 -> 6429297.6 | M10: =M8-M9 -> 9935485.1 | ... O10: =O8-O9 -> 11518938
B12: Technology & content expenses | F12: =VLOOKUP($B12, 'Income Statement'!$A$11:$F$66, MATCH(DCF!F$7, 'Income Statement'!$A$11:$F$11,0),FALSE) -> 830244 | G12: =VLOOKUP($B12, 'Income Statement'!$A$11:$F$66, MATCH(DCF!G$7, 'Income Statement'!$A$11:$F$11,0),FALSE) -> 1235019 | H12: =VLOOKUP($B12, 'Income Statement'!$A$11:$F$66, MATCH(DCF!H$7, 'Income Statement'!$A$11:$F$11,0),FALSE) -> 1386787 | I12: =VLOOKUP($B12, 'Income Statement'!$A$11:$F$66, MATCH(DCF!I$7, 'Income Statement'!$A$11:$F$11,0),FALSE) -> 1617000 | J12: =VLOOKUP($B12, 'Income Statement'!$A$11:$F$66, MATCH(DCF!J$7, 'Income Statement'!$A$11:$F$11,0),FALSE) -> 1763000 | K12: =K$8*K30 -> 482680 | L12: =L$8*L30 -> 926745.6 | M12: =M$8*M30 -> 1536209.5 | N12: =N$8*N30 -> 1766840.5 | O12: =O$8*O30 -> 2024540.6
B13: Selling & marketing expenses | F13: =VLOOKUP($B13, 'Income Statement'!$A$11:$F$66, MATCH(DCF!F$7, 'Income Statement'!$A$11:$F$11,0),FALSE) -> 3381086 | G13: =VLOOKUP($B13, 'Income Statement'!$A$11:$F$66, MATCH(DCF!G$7, 'Income Statement'!$A$11:$F$11,0),FALSE) -> 4367417 | H13: =VLOOKUP($B13, 'Income Statement'!$A$11:$F$66, MATCH(DCF!H$7, 'Income Statement'!$A$11:$F$11,0),FALSE) -> 5297832 | I13: =VLOOKUP($B13, 'Income Statement'!$A$11:$F$66, MATCH(DCF!I$7, 'Income Statement'!$A$11:$F$11,0),FALSE) -> 5767000 | J13: =VLOOKUP($B13, 'Income Statement'!$A$11:$F$66, MATCH(DCF!J$7, 'Income Statement'!$A$11:$F$11,0),FALSE) -> 6135000 | K13: =K$8*K31 -> 1254968 | L13: =L$8*L31 -> 3089152 | M13: =M$8*M31 -> 5745822.7 | N13: =N$8*N31 -> 6205488.5 | O13: =O$8*O31 -> 6701927.6
B14: General & administrative expenses | F14: =VLOOKUP($B14, 'Income Statement'!$A$11:$F$66, MATCH(DCF!F$7, 'Income Statement'!$A$11:$F$11,0),FALSE) -> 573913 | G14: =VLOOKUP($B14, 'Income Statement'!$A$11:$F$66, MATCH(DCF!G$7, 'Income Statement'!$A$11:$F$11,0),FALSE) -> 678292 | H14: =VLOOKUP($B14, 'Income Statement'!$A$11:$F$66, MATCH(DCF!H$7, 'Income Statement'!$A$11:$F$11,0),FALSE) -> 675961 | I14: =VLOOKUP($B14, 'Income Statement'!$A$11:$F$66, MATCH(DCF!I$7, 'Income Statement'!$A$11:$F$11,0),FALSE) -> 808000 | J14: =VLOOKUP($B14, 'Income Statement'!$A$11:$F$66, MATCH(DCF!J$7, 'Income Statement'!$A$11:$F$11,0),FALSE) -> 847000 | K14: =K$8*K32 -> 217206 | L14: =L$8*L32 -> 424758.4 | M14: =M$8*M32 -> 718227.84 | N14: =N$8*N32 -> 808006.32 | O14: =O$8*O32 -> 907552.7
B15: EBIT | F15: =F10-F12-F13-F14 -> 577515 | G15: =G10-G12-G13-G14 -> 896138 | H15: =H10-H12-H13-H14 -> 942733 | I15: =I10-I12-I13-I14 -> 1066000 | J15: =J10-J12-J13-J14 -> 1159000 | K15: =K10-K12-K13-K14 -> 2075524 | L15: =L10-L12-L13-L14 -> 1988641.6 | M15: =M10-M12-M13-M14 -> 1935225 | ... O15: =O10-O12-O13-O14 -> 1884917.1
B16: Taxes | C16: 0.21 | D16: 0.25 | F16: =F15*$D$16 -> 144378.75 | G16: =G15*$D$16 -> 224034.5 | H16: =H15*$D$16 -> 235683.25 | I16: =I15*$D$16 -> 266500 | J16: =J15*$D$16 -> 289750 | K16: =K15*$C$16 -> 435860.04 | L16: =L15*$C$16 -> 417614.74 | M16: =M15*$C$16 -> 406397.25 | N16: =N15*$C$16 -> 402710.35 | O16: =O15*$C$16 -> 395832.6
B17: Tax-effected EBIT | F17: =F15-F16 -> 433136.25 | G17: =G15-G16 -> 672103.5 | H17: =H15-H16 -> 707049.75 | I17: =I15-I16 -> 799500 | J17: =J15-J16 -> 869250 | K17: =K15-K16 -> 1639664 | L17: =L15-L16 -> 1571026.9 | M17: =M15-M16 -> 1528827.8 | ... O17: =O15-O16 -> 1489084.5
B19: Depreciation and amortization | F19: =('Cash Flow'!B17+'Cash Flow'!B18+'Cash Flow'!B21) -> 678413 | G19: =('Cash Flow'!C17+'Cash Flow'!C18+'Cash Flow'!C21) -> 1036619 | H19: =('Cash Flow'!D17+'Cash Flow'!D18+'Cash Flow'!D21) -> 1038894 | I19: =('Cash Flow'!E17+'Cash Flow'!E18+'Cash Flow'!E21) -> 879000 | J19: =('Cash Flow'!F17+'Cash Flow'!F18+'Cash Flow'!F21) -> 953000 | K19: =K20*K34*-1 -> 260647.2 | L19: =L20*L34*-1 -> 434412 | M19: =M20*M34*-1 -> 750847.35 | N19: =N20*N34*-1 -> 898826.23 | O19: =O20*O34*-1 -> 1070214.1
B20: Capex | F20: ='Cash Flow'!B40 -> -787041 | G20: ='Cash Flow'!C40 -> -749348 | H20: ='Cash Flow'!D40 -> -710330 | I20: ='Cash Flow'!E40 -> -878000 | J20: ='Cash Flow'!F40 -> -1160000 | K20: =K8*K33*-1 -> -289608 | L20: =L8*L33*-1 -> -463372.8 | M20: =M8*M33*-1 -> -770099.85 | N20: =N8*N33*-1 -> -887729.61 | O20: =O8*O33*-1 -> -1019251.5
B21: Change in Net Working Capital | G21: =-G72 -> -111223 | H21: =-H72 -> 608267 | I21: =-I72 -> 179662 | J21: =-J72 -> 737000 | K21: =-K72 -> -3174920 | L21: =-L72 -> 965360 | M21: =-M72 -> 2123792 | N21: =-N72 -> 478818.56 | O21: =-O72 -> 517124.04
B22: Unlevered free cash flows | F22: =SUM(F17:F21) -> 324508.25 | G22: =SUM(G17:G21) -> 848151.5 | H22: =SUM(H17:H21) -> 1643880.8 | I22: =SUM(I17:I21) -> 980162 | J22: =SUM(J17:J21) -> 1399250 | K22: =SUM(K17:K21) -> -1564216.8 | L22: =SUM(L17:L21) -> 2507426.1 | M22: =SUM(M17:M21) -> 3633367.3 | ... O22: =SUM(O17:O21) -> 2057171.2
F25: Historical | K25: Projected
F26: =F7 -> 2015 | G26: =F26+1 -> 2016 | H26: =G26+1 -> 2017 | I26: =H26+1 -> 2018 | J26: =I26+1 -> 2019 | K26: =J26+1 -> 2020 | L26: =K26+1 -> 2021 | M26: =L26+1 -> 2022 | N26: =M26+1 -> 2023 | O26: =N26+1 -> 2024
B27: Assumptions
B28: Sales Growth | G28: =(G8-F8)/F8 -> 0.31492014 | H28: =(H8-G8)/G8 -> 0.14660861 | I28: =(I8-H8)/H8 -> 0.11562366 | J28: =(J8-I8)/I8 -> 0.075202709 | K28: -0.6 | L28: 0.6 | M28: 0.55 | N28: 0.08 | O28: 0.08 | Q28: Step | R28: =(S28-L28)/($O$26-$L$26) -> -0.195 | S28: 0.015
B29: COGS (as % of revenues) | F29: =F9/F8 -> 0.1962675 | G29: =G9/G8 -> 0.18198967 | H29: =H9/H8 -> 0.17460817 | I29: =I9/I8 -> 0.17508688 | J29: =J9/J8 -> 0.17924919 | K29: 0.165 | L29: =K29+$R29 -> 0.1675 | M29: =L29+$R29 -> 0.17 | N29: =M29+$R29 -> 0.1725 | O29: =N29+$R29 -> 0.175 | Q29: Step | R29: =(S29-K29)/($O$26-$K$26) -> 0.0025 | S29: 0.175
B30: Technology & content expenses (as % of revenues) | F30: =F12/F$8 -> 0.12443114 | G30: =G12/G$8 -> 0.14076594 | H30: =H12/H$8 -> 0.13785373 | I30: =I12/I$8 -> 0.14407912 | J30: =J12/J$8 -> 0.14610094 | K30: 0.1 | L30: 0.12 | M30: =L30+$R$30 -> 0.12833333 | N30: =M30+$R$30 -> 0.13666667 | O30: =N30+$R$30 -> 0.145 | Q30: Step | R30: =(S30-L30)/($O$26-$L$26) -> 0.0083333333 | S30: 0.145
B31: Selling & marketing expenses (as % of revenues) | F31: =F13/F$8 -> 0.50673342 | G31: =G13/G$8 -> 0.4977928 | H31: =H13/H$8 -> 0.52663163 | I31: =I13/I$8 -> 0.51385548 | J31: =J13/J$8 -> 0.50841137 | K31: 0.26 | L31: 0.4 | M31: 0.48 | N31: =M31+$R$31 -> 0.48 | O31: =N31+$R$31 -> 0.48 | Q31: Step | R31: =(S31-M31)/($O$26-$M$26) -> 0 | S31: 0.48
B32: General & administrative expenses (as % of revenues) | F32: =F14/F$8 -> 0.086014049 | G32: =G14/G$8 -> 0.077310885 | H32: =H14/H$8 -> 0.067193984 | I32: =I14/I$8 -> 0.07199501 | J32: =J14/J$8 -> 0.070191431 | K32: 0.045 | L32: 0.055 | M32: 0.06 | N32: =M32+$R32 -> 0.0625 | O32: =N32+$R32 -> 0.065 | Q32: Step | R32: =(S32-M32)/($O$26-$M$26) -> 0.0025 | S32: 0.065
B33: Capex (as % of revenues) | F33: =F20/F8*-1 -> 0.11795618 | G33: =G20/G8*-1 -> 0.085409761 | H33: =H20/H8*-1 -> 0.070610439 | I33: =I20/I8*-1 -> 0.078232202 | J33: =J20/J8*-1 -> 0.096129941 | K33: 0.06 | L33: 0.06 | M33: =L33+$R33 -> 0.064333333 | N33: =M33+$R33 -> 0.068666667 | O33: =N33+$R33 -> 0.073 | Q33: Step | R33: =(S33-L33)/($O$26-$L$26) -> 0.0043333333 | S33: 0.073
B34: Depreciation and amortization (as % of capex) | F34: =F19/F20*-1 -> 0.86197924 | G34: =G19/G20*-1 -> 1.3833613 | H34: =H19/H20*-1 -> 1.4625512 | I34: =I19/I20*-1 -> 1.001139 | J34: =J19/J20*-1 -> 0.82155172 | K34: 0.9 | L34: =K34+$R34 -> 0.9375 | M34: =L34+$R34 -> 0.975 | N34: =M34+$R34 -> 1.0125 | O34: =N34+$R34 -> 1.05 | Q34: Step | R34: =(S34-K34)/($O$26-$K$26) -> 0.0375 | S34: 1.05
B35: Gross margin | F35: =F10/F8 -> 0.8037325 | G35: =G10/G8 -> 0.81801033 | H35: =H10/H8 -> 0.82539183 | I35: =I10/I8 -> 0.82491312 | J35: =J10/J8 -> 0.82075081 | K35: =K10/K8 -> 0.835 | L35: =L10/L8 -> 0.8325 | M35: =M10/M8 -> 0.83 | ... O35: =O10/O8 -> 0.825
A37: x | B37: TERMINAL VALUE AND EQUITY VALUE PER SHARE
F39: Terminal Value - Perpetuity Growth | K39: Terminal Value - Exit Multiple | P39: Option Drag
F40: WACC - for terminal value | I40: =G131 -> 0.090568804
F41: Unlevered FCF in terminal year | I41: =$O$22 -> 2057171.2 | K41: Terminal year EBITDA | N41: =O15+O19 -> 2955131.2 | P41: Implied Equity Value (Using TV) | S41: =N50 -> 58018492
F42: Terminal growth rate | I42: 0.035 | K42: Terminal year EBITDA multiple | N42: 22.82 | P42: Basic Shares | S42: =I84 -> 139989.12
F43: Terminal value | I43: =I41*(1+I42)/(I40-I42) -> 38315961 | K43: Terminal value | N43: =N41*N42 -> 67436094 | P43: Value of Options | S43: ='Options Value'!E30 -> 3348005.8
F44: WACC - current | I44: =F131 -> 0.069078256 | K44: WACC - current | N44: =F131 -> 0.069078256 | P44: Implied Equity Value per Share | S44: =(S41-S43)/(S42+I85) -> 379.34234
F45: PV of Terminal Value | I45: =PV(I44,O26-J26,0,I43)*-1 -> 27436723 | K45: PV of Terminal Value | N45: =PV(N44,O26-K26,0,N43)*-1 -> 51624329
P46: Treasury Outstanding Options
F47: PV of Unlevered Free Cash Flows | I47: =NPV(I44,K22:O22) -> 6712162.3 | K47: PV of Unlevered Free Cash Flows | N47: =NPV(N44,K22:O22) -> 6712162.3 | P47: Implied Equity Value | S47: =I50 -> 33172408
F48: Total Enterprise Value | I48: =I47+I45 -> 34148886 | K48: Total Enterprise Value | N48: =N47+N45 -> 58336492 | P48: Diluted Shares Outstanding | S48: =N92 -> 157234.12
F49: Net debt + Preferred stock + NCI | I49: ='Balance Sheet'!$F$54+'Balance Sheet'!$F$53-'Balance Sheet'!$F$16-'Balance Sheet'!$F$17-'Balance Sheet'!$F$18+'Balance Sheet'!B58 -> 976478 | K49: Net debt + Preferred stock + NCI | N49: ='Balance Sheet'!$F$54+'Balance Sheet'!$F$53-'Balance Sheet'!$F$16-'Balance Sheet'!$F$17-'Balance Sheet'!$F$18 -> 318000 | P49: Total Proceeds | S49: =N90 -> 1350451.6
F50: Implied Equity Value | I50: =I48-I49 -> 33172408 | K50: Implied Equity Value | N50: =N48-N49 -> 58018492 | P50: Implied Equity Value per Share | S50: =(S47+S49)/S48 -> 219.5634
F51: Diluted Shares Outstanding | I51: =I92 -> 144119.12 | K51: Diluted Shares Outstanding | N51: =N92 -> 157234.12
F52: Implied Equity Value per Share | I52: =I50/I51 -> 230.17353 | K52: Implied Equity Value per Share | N52: =N50/N51 -> 368.99427
A56: x | B56: WORKING CAPITAL SCHEDULE
F59: Historical | K59: Projected
F60: =F7 -> 2015 | G60: =F60+1 -> 2016 | H60: =G60+1 -> 2017 | I60: =H60+1 -> 2018 | J60: =I60+1 -> 2019 | K60: =J60+1 -> 2020 | L60: =K60+1 -> 2021 | M60: =L60+1 -> 2022 | N60: =M60+1 -> 2023 | O60: =N60+1 -> 2024
B61: Total current assets | F61: =VLOOKUP($B61, 'Balance Sheet'!$A$11:$F$71, MATCH(DCF!F$60, 'Balance Sheet'!$A$11:$F$11, 0), FALSE) -> 2978761 | G61: =VLOOKUP($B61, 'Balance Sheet'!$A$11:$F$71, MATCH(DCF!G$60, 'Balance Sheet'!$A$11:$F$11, 0), FALSE) -> 3450251 | H61: =VLOOKUP($B61, 'Balance Sheet'!$A$11:$F$71, MATCH(DCF!H$60, 'Balance Sheet'!$A$11:$F$11, 0), FALSE) -> 5539589 | I61: =VLOOKUP($B61, 'Balance Sheet'!$A$11:$F$71, MATCH(DCF!I$60, 'Balance Sheet'!$A$11:$F$11, 0), FALSE) -> 5197000 | J61: =VLOOKUP($B61, 'Balance Sheet'!$A$11:$F$71, MATCH(DCF!J$60, 'Balance Sheet'!$A$11:$F$11, 0), FALSE) -> 7735000
B62: Cash & cash equivalents | F62: =VLOOKUP($B62, 'Balance Sheet'!$A$11:$F$71, MATCH(DCF!F$60, 'Balance Sheet'!$A$11:$F$11, 0), FALSE) -> 1676299 | G62: =VLOOKUP($B62, 'Balance Sheet'!$A$11:$F$71, MATCH(DCF!G$60, 'Balance Sheet'!$A$11:$F$11, 0), FALSE) -> 1796811 | H62: =VLOOKUP($B62, 'Balance Sheet'!$A$11:$F$71, MATCH(DCF!H$60, 'Balance Sheet'!$A$11:$F$11, 0), FALSE) -> 2846729 | I62: =VLOOKUP($B62, 'Balance Sheet'!$A$11:$F$71, MATCH(DCF!I$60, 'Balance Sheet'!$A$11:$F$11, 0), FALSE) -> 2443000 | J62: =VLOOKUP($B62, 'Balance Sheet'!$A$11:$F$71, MATCH(DCF!J$60, 'Balance Sheet'!$A$11:$F$11, 0), FALSE) -> 3315000
B63: Restricted cash & cash equivalents | F63: =VLOOKUP($B63,'Balance Sheet'!$A$11:$F$71, MATCH(F$60,'Balance Sheet'!$A$11:$F$11,0),FALSE) -> 11324 | G63: =VLOOKUP($B63,'Balance Sheet'!$A$11:$F$71, MATCH(G$60,'Balance Sheet'!$A$11:$F$11,0),FALSE) -> 18733 | H63: =VLOOKUP($B63,'Balance Sheet'!$A$11:$F$71, MATCH(H$60,'Balance Sheet'!$A$11:$F$11,0),FALSE) -> 69055 | I63: =VLOOKUP($B63,'Balance Sheet'!$A$11:$F$71, MATCH(I$60,'Balance Sheet'!$A$11:$F$11,0),FALSE) -> 259000 | J63: =VLOOKUP($B63,'Balance Sheet'!$A$11:$F$71, MATCH(J$60,'Balance Sheet'!$A$11:$F$11,0),FALSE) -> 779000
B64: Short-term investments | F64: =VLOOKUP($B64, 'Balance Sheet'!$A$11:$F$71, MATCH(DCF!F$60, 'Balance Sheet'!$A$11:$F$11, 0), FALSE) -> 33739 | G64: =VLOOKUP($B64, 'Balance Sheet'!$A$11:$F$71, MATCH(DCF!G$60, 'Balance Sheet'!$A$11:$F$11, 0), FALSE) -> 72313 | H64: =VLOOKUP($B64, 'Balance Sheet'!$A$11:$F$71, MATCH(DCF!H$60, 'Balance Sheet'!$A$11:$F$11, 0), FALSE) -> 468508 | I64: =VLOOKUP($B64, 'Balance Sheet'!$A$11:$F$71, MATCH(DCF!I$60, 'Balance Sheet'!$A$11:$F$11, 0), FALSE) -> 28000 | J64: =VLOOKUP($B64, 'Balance Sheet'!$A$11:$F$71, MATCH(DCF!J$60, 'Balance Sheet'!$A$11:$F$11, 0), FALSE) -> 526000
B65: Total non-cash current assets | F65: =F61-F62-F64 -> 1268723 | G65: =G61-G62-G64 -> 1581127 | H65: =H61-H62-H64 -> 2224352 | I65: =I61-I62-I64 -> 2726000 | J65: =J61-J62-J64 -> 3894000
B67: Total current liabilities | F67: =VLOOKUP($B67, 'Balance Sheet'!$A$11:$F$71, MATCH(DCF!F$60, 'Balance Sheet'!$A$11:$F$11, 0), FALSE) -> 5926017 | G67: =VLOOKUP($B67, 'Balance Sheet'!$A$11:$F$71, MATCH(DCF!G$60, 'Balance Sheet'!$A$11:$F$11, 0), FALSE) -> 6127198 | H67: =VLOOKUP($B67, 'Balance Sheet'!$A$11:$F$71, MATCH(DCF!H$60, 'Balance Sheet'!$A$11:$F$11, 0), FALSE) -> 7878690 | I67: =VLOOKUP($B67, 'Balance Sheet'!$A$11:$F$71, MATCH(DCF!I$60, 'Balance Sheet'!$A$11:$F$11, 0), FALSE) -> 8060000 | J67: =VLOOKUP($B67, 'Balance Sheet'!$A$11:$F$71, MATCH(DCF!J$60, 'Balance Sheet'!$A$11:$F$11, 0), FALSE) -> 10714000
B68: Current maturities of long-term debt | F68: =VLOOKUP($B68, 'Balance Sheet'!$A$11:$F$71, MATCH(DCF!F$60, 'Balance Sheet'!$A$11:$F$11, 0), FALSE) -> - | G68: =VLOOKUP($B68, 'Balance Sheet'!$A$11:$F$71, MATCH(DCF!G$60, 'Balance Sheet'!$A$11:$F$11, 0), FALSE) -> - | H68: =VLOOKUP($B68, 'Balance Sheet'!$A$11:$F$71, MATCH(DCF!H$60, 'Balance Sheet'!$A$11:$F$11, 0), FALSE) -> 500000 | I68: =VLOOKUP($B68, 'Balance Sheet'!$A$11:$F$71, MATCH(DCF!I$60, 'Balance Sheet'!$A$11:$F$11, 0), FALSE) -> - | J68: =VLOOKUP($B68, 'Balance Sheet'!$A$11:$F$71, MATCH(DCF!J$60, 'Balance Sheet'!$A$11:$F$11, 0), FALSE) -> 749000
B69: Total non-debt current liabilities | F69: =F67 -> 5926017 | G69: =G67 -> 6127198 | H69: =H67-H68 -> 7378690 | I69: =I67 -> 8060000 | J69: =J67-J68 -> 9965000
B71: Non-cash Net Working Capital | F71: =F65-F69 -> -4657294 | G71: =G65-G69 -> -4546071 | H71: =H65-H69 -> -5154338 | I71: =I65-I69 -> -5334000 | J71: =J65-J69 -> -6071000 | K71: =K77*K8 -> -2896080 | L71: =L77*L8 -> -3861440 | M71: =M77*M8 -> -5985232 | N71: =N77*N8 -> -6464050.6 | O71: =O77*O8 -> -6981174.6
B72: Change in NWC | G72: =G71-F71 -> 111223 | H72: =H71-G71 -> -608267 | I72: =I71-H71 -> -179662 | J72: =J71-I71 -> -737000 | K72: =K71-J71 -> 3174920 | L72: =L71-K71 -> -965360 | M72: =M71-L71 -> -2123792 | N72: =N71-M71 -> -478818.56 | O72: =O71-N71 -> -517124.04
F75: Historical | K75: Projected
F76: =F60 -> 2015 | G76: =F76+1 -> 2016 | H76: =G76+1 -> 2017 | I76: =H76+1 -> 2018 | J76: =I76+1 -> 2019 | K76: =J76+1 -> 2020 | L76: =K76+1 -> 2021 | M76: =L76+1 -> 2022 | N76: =M76+1 -> 2023 | O76: =N76+1 -> 2024
B77: Non-cash NWC as a % of Sale | F77: =F71/F8 -> -0.69800251 | G77: =G71/G8 -> -0.51815556 | H77: =H71/H8 -> -0.51236759 | I77: =I71/I8 -> -0.47527399 | J77: =J71/J8 -> -0.50310765 | K77: -0.6 | L77: -0.5 | M77: =L77 -> -0.5 | N77: =M77 -> -0.5 | O77: =N77 -> -0.5
A80: x | B80: DILUTED SHARES
F83: Treasury with a Twist- Exercisable Options | K83: Treasury Method- All Outstanding Options
F84: Basic share count | I84: 139989.12 | K84: Basic share count | N84: =I84 -> 139989.12
F85: RSUs yet to vest | I85: 4130 | K85: RSUs yet to vest | N85: 4130
F86: Exercisable options | I86: 7559 | K86: Oustanding options | N86: 13115
F87: Exercise price | I87: 98.75 | K87: Exercise price | N87: 102.97
F88: Current share price | I88: 56.39
F89: In-the-money exercisable options | I89: =IF(I88>I87, I86, 0) -> 0
F90: Total proceeds | I90: =I89*I87 -> 0 | K90: Total proceeds | N90: =N87*N86 -> 1350451.6
F91: Total shares repurchased | I91: =I90/I88 -> 0
F92: Diluted shares outstanding | I92: =I84+I85+I89-I91 -> 144119.12 | K92: Diluted shares outstanding | N92: =N84+N86+N85 -> 157234.12
F98: Terminal Value - Perpetuity Growth
F99: Basic share count
F100: Exercisable options
F101: Exercise price
F102: Current share price
F103: In-the-money exercisable options
F104: Total proceeds
F105: Total shares repurchased
F106: Diluted shares outstanding
A109: x | B109: WACC
F111: Current | G111: Terminal
B112: Percent of Capital
B113: Total debt | F113: ='Balance Sheet'!F54+'Balance Sheet'!F56 -> 4721000
B114: Share price | F114: 66.57
B115: Shares outstanding | F115: 139360
B116: Market value of equity | F116: =F114*F115 -> 9277195.2
B118: Weight of debt | F118: =F113/(F113+F116) -> 0.33725776 | G118: 0.65
B119: Weight of equity | F119: =F116/(F113+F116) -> 0.66274224 | G119: =1-G118 -> 0.35
B121: Cost of debt
B122: Pre-tax cost of debt | F122: 0.05748 | G122: 0.05748
B123: Marginal tax rate | F123: 0.21 | G123: 0.21
B125: Cost of equity
B126: Risk-free rate | F126: 0.00729 | G126: 0.015
B127: Market risk premium (Rm - Rf) | F127: 0.0577 | G127: 0.0577
B128: Beta | F128: =D150 -> 1.2796017 | G128: =D147*(1+(G118/G119)*((1-G123))) -> 2.7632
B129: Cost of equity | F129: =F126+(F128*F127) -> 0.081123019 | G129: =G126+(G128*G127) -> 0.17443664
B131: Weighted average cost of capital | F131: =(F119*F129)+(F118*F122*(1-F123)) -> 0.069078256 | G131: =(G119*G129)+(G118*G122*(1-G123)) -> 0.090568804
A133: x | B133: BOTTOM UP BETA
...

Sheet Options Value
B2: Valuing Options or Warrants
B3: Enter the current stock price = | E3: =DCF!S44 -> 379.34234
B4: Enter the strike price on the option = | E4: =DCF!N87 -> 102.97
B5: Enter the expiration of the option = | E5: 3.3
B6: Enter the standard deviation in stock prices = | E6: 0.3281 | F6: (volatility)
B7: Enter the annualized dividend yield on stock = | E7: 0.0111
B8: Enter the treasury bond rate = | E8: 0.0063
B9: Enter the number of options outstanding = | E9: =DCF!N86 -> 13115
B10: Enter the number of shares outstanding = | E10: =DCF!I84 -> 139989.12
B12: Circuit Breaker | C12: OFF
B14: Do not input any numbers below this line
B15: VALUING WARRANTS WHEN THERE IS DILUTION
B16: Stock Price= | D16: =E3 -> 379.34234 | E16: # Warrants issued= | G16: =E9 -> 13115
B17: Strike Price= | D17: =E4 -> 102.97 | E17: # Shares outstanding= | G17: =E10 -> 139989.12
B18: Adjusted S = | D18: =(D16*G17+D29*G16)/(G17+G16) -> 368.71513 | E18: T.Bond rate= | G18: =E8 -> 0.0063
B19: Adjusted K = | D19: =D17 -> 102.97 | E19: Variance= | G19: =E6^2 -> 0.10764961
B20: Expiration (in years) = | D20: =E5 -> 3.3 | E20: Annualized dividend yield= | G20: =E7 -> 0.0111
E21: Div. Adj. interest rate= | G21: =G18-G20 -> -0.0048
B23: d1 = | C23: =(LN(D18/D19)+(G21+(G19/2))*D20)/(((G19)^(0.5))*(D20^0.5)) -> 2.4115981
B24: N (d1) = | C24: =NORMSDIST(C23) -> 0.99205861
B26: d2 = | C26: =C23-((G19^0.5)*(D20^(0.5))) -> 1.8155748
B27: N (d2) = | C27: =NORMSDIST(C26) -> 0.96528219
B29: Value per option = | D29: =IF(C12="OFF",((EXP((0-G20)*D20))*D18*C24-D19*(EXP((0-G18)*D20))*C27),0) -> 255.28066
B30: Value of all options outstanding = | E30: =D29*E9 -> 3348005.8

Sheet Balance Sheet
A4: Powered by Clearbit
A5: Expedia Group Inc (NMS: EXPE)
A7: Exchange rate used is that of the Year End reported date
A10: As Reported Annual Balance Sheet
A11: Report Date | B11: 2015 | C11: 2016 | D11: 2017 | E11: 2018 | F11: 2019
A12: Currency | B12: USD | C12: USD | D12: USD | E12: USD | F12: USD
A13: Audit Status | B13: Not Qualified | C13: Not Qualified | D13: Not Qualified | E13: Not Available | F13: Not Qualified
A14: Consolidated | B14: Yes | C14: Yes | D14: Yes | E14: Yes | F14: Yes
A15: Scale | B15: Thousands | C15: Thousands | D15: Thousands | E15: Thousands | F15: Thousands
A16: Cash & cash equivalents | B16: 1676299 | C16: 1796811 | D16: 2846729 | E16: 2443000 | F16: 3315000
A17: Restricted cash & cash equivalents | B17: 11324 | C17: 18733 | D17: 69055 | E17: 259000 | F17: 779000
A18: Short-term investments | B18: 33739 | C18: 72313 | D18: 468508 | E18: 28000 | F18: 526000
A19: Accounts receivables, gross | B19: - | C19: - | D19: - | E19: 2185000 | F19: 2565000
A20: Less: allowance for doubtful accounts | B20: - | C20: - | D20: - | E20: 34000 | F20: 41000
A21: Accounts receivables, net | B21: - | C21: - | D21: - | E21: 2151000 | F21: 2524000
A22: Accounts & notes receivable, gross | B22: 1109441 | C22: 1368525 | D22: 1896691 | E22: - | F22: -
A23: Less: allowance for doubtful accounts | B23: 27035 | C23: 25278 | D23: 30696 | E23: - | F23: -
A24: Accounts & notes receivable, net | B24: 1082406 | C24: 1343247 | D24: 1865995 | E24: - | F24: -
A25: Income taxes receivable | B25: 13805 | C25: 19402 | D25: 20633 | E25: 24000 | F25: 70000
A26: Prepaid expenses & other current assets | B26: 161188 | C26: 199745 | D26: 268669 | E26: 292000 | F26: 521000
A27: Total current assets | B27: 2978761 | C27: 3450251 | D27: 5539589 | E27: 5197000 | F27: 7735000
A28: Capitalized software development | B28: 1220822 | C28: 1606960 | D28: 2111262 | E28: 2643000 | F28: 2947000
A29: Computer equipment | B29: 485074 | C29: 665652 | D29: 658031 | E29: 597000 | F29: 643000
A30: Furniture & other equipment | B30: 65939 | C30: 72811 | D30: 84509 | E30: 94000 | F30: 114000
A31: Leasehold improvements | B31: 199604 | C31: 241713 | D31: 282865 | E31: - | F31: -
A32: Buildings & leasehold improvements | B32: - | C32: - | D32: - | E32: 435000 | F32: 688000
A33: Land | B33: 130725 | C33: 130812 | D33: 129049 | E33: 129000 | F33: 129000
A34: Total property & equipment, gross | B34: 2102164 | C34: 2717948 | D34: 3265716 | E34: 3898000 | F34: 4521000
A35: Less: accumulated depreciation | B35: 1201744 | C35: 1575879 | D35: 2055720 | E35: 2552000 | F35: 2833000
A36: Projects in progress | B36: 163839 | C36: 252835 | D36: 365262 | E36: 531000 | F36: 510000
A37: Property & equipment, net | B37: 1064259 | C37: 1394904 | D37: 1575258 | E37: 1877000 | F37: 2198000
A38: Operating lease right-of-use assets | B38: - | C38: - | D38: - | E38: - | F38: 611000
A39: Long-term investments & other assets | B39: 658439 | C39: 520058 | D39: 845450 | E39: 778000 | F39: 796000
A40: Deferred income taxes | B40: 15458 | C40: 23658 | D40: 17930 | E40: 69000 | F40: 145000
A41: Intangible assets, net | B41: 2793954 | C41: 2446652 | D41: 2308536 | E41: 1992000 | F41: 1804000
A42: Goodwill | B42: 7992941 | C42: 7942023 | D42: 8228865 | E42: 8120000 | F42: 8127000
A43: Total assets | B43: 15503812 | C43: 15777546 | D43: 18515628 | E43: 18033000 | F43: 21416000
A44: Accounts payable, merchant | B44: 1329870 | C44: 1509313 | D44: 1837936 | E44: 1699000 | F44: 1921000
A45: Accounts payable, other | B45: 485557 | C45: 577012 | D45: 697560 | E45: 788000 | F45: 906000
A46: Deferred merchant bookings | B46: 2337037 | C46: 2617791 | D46: 3219279 | E46: 4327000 | F46: 5679000
A47: Deferred revenue | B47: 235809 | C47: 282517 | D47: 325722 | E47: 364000 | F47: 321000
A48: Income taxes payable | B48: 68019 | C48: 49739 | D48: 33374 | E48: 74000 | F48: 88000
A49: Accrued expenses & other current liabilities | B49: 1469725 | C49: 1090826 | D49: 1264819 | E49: 808000 | F49: 1050000
A50: Current maturities of long-term debt | B50: - | C50: - | D50: 500000 | E50: - | F50: 749000
A51: Total current liabilities | B51: 5926017 | C51: 6127198 | D51: 7878690 | E51: 8060000 | F51: 10714000
A52: Senior notes | B52: 3201277 | C52: 3159336 | D52: 4249054 | E52: 3717000 | F52: 4938000
A53: Current maturities of long-term debt | B53: - | C53: - | D53: 500000 | E53: - | F53: 749000
A54: Long-term debt | B54: 3201277 | C54: 3159336 | D54: 3749054 | E54: 3717000 | F54: 4189000
A55: Deferred income taxes | B55: 473841 | C55: 484970 | D55: 328602 | E55: 69000 | F55: 56000
A56: Long-term lease liabilities included within Operating lease liabilities | B56: - | C56: - | D56: - | E56: - | F56: 532000
A57: Other long-term liabilities | B57: 314432 | C57: 312939 | D57: 408380 | E57: 506000 | F57: 374000
A58: Redeemable noncontrolling interests | B58: 658478 | C58: - | D58: 22334 | E58: 30000 | F58: 15000
A59: Common stock | B59: 22 | C59: 22 | D59: 23 | E59: - | F59: -
A60: Class B common stock | B60: 1 | C60: 1 | D60: 1 | E60: - | F60: -
A61: Additional paid-in capital | B61: 8696508 | C61: 8794298 | D61: 9162909 | E61: 9549000 | F61: 12978000
A62: Treasury stock - common stock, at cost | B62: 4054909 | C62: 4510655 | D62: 4822743 | E62: 5742000 | F62: 9673000
A63: Retained earnings (accumulated deficit) | B63: 507666 | C63: 129034 | D63: 331078 | E63: 517000 | F63: 879000
A64: Accumulated unrealized gains (losses) on derivatives | B64: -284767 | C64: -280426 | D64: - | E64: - | F64: -
A65: Accumulated foreign currency translation adjustment | B65: -127 | C65: 27 | D65: - | E65: - | F65: -
A66: Foreign currency translation adjustments, net of tax | B66: - | C66: - | D66: -142255 | E66: -220000 | F66: -
A67: Net unrealized gain (loss) on available for sale securities, net of tax | B67: - | C67: - | D67: -6678 | E67: - | F67: -
A68: Accumulated other comprehensive income (loss) | B68: -284894 | C68: -280399 | D68: -148933 | E68: -220000 | F68: -217000
A69: Total Expedia Group, Inc. stockholders' equity | B69: 4864394 | C69: 4132301 | D69: 4522335 | E69: 4104000 | F69: 3967000
A70: Non-redeemable non-controlling interests | B70: 65373 | C70: 1560802 | D70: 1606233 | E70: 1547000 | F70: 1569000
A71: Total stockholders' equity | B71: 4929767 | C71: 5693103 | D71: 6128568 | E71: 5651000 | F71: 5536000

Sheet Income Statement
A4: Powered by Clearbit
A5: Expedia Group Inc (NMS: EXPE)
A7: Exchange rate used is that of the Year End reported date
A10: As Reported Annual Income Statement
A11: Report Date | B11: 2015 | C11: 2016 | D11: 2017 | E11: 2018 | F11: 2019
A12: Currency | B12: USD | C12: USD | D12: USD | E12: USD | F12: USD
A13: Audit Status | B13: Not Qualified | C13: Not Qualified | D13: Not Qualified | E13: Not Available | F13: Not Qualified
A14: Consolidated | B14: Yes | C14: Yes | D14: Yes | E14: Yes | F14: Yes
A15: Scale | B15: Thousands | C15: Thousands | D15: Thousands | E15: Thousands | F15: Thousands
A16: Revenue | B16: 6672317 | C16: 8773564 | D16: 10059844 | E16: 11223000 | F16: 12067000
A17: Cost of revenue | B17: 1309559 | C17: 1596698 | D17: 1756531 | E17: 1965000 | F17: 2163000
A18: Selling & marketing expenses | B18: 3381086 | C18: 4367417 | D18: 5297832 | E18: 5767000 | F18: 6135000
A19: Technology & content expenses | B19: 830244 | C19: 1235019 | D19: 1386787 | E19: 1617000 | F19: 1763000
A20: General & administrative expenses | B20: 573913 | C20: 678292 | D20: 675961 | E20: 808000 | F20: 847000
A21: Amortization of intangible assets | B21: 163665 | C21: 317141 | D21: 275445 | E21: 283000 | F21: 198000
A22: Impairment of goodwill | B22: - | C22: - | D22: - | E22: 86000 | F22: -
A23: Impairment of intangible assets | B23: - | C23: 34890 | D23: - | E23: 42000 | F23: -
A24: Legal reserves, occupancy tax & other expenses | B24: -104587 | C24: 26498 | D24: 25412 | E24: -59000 | F24: 34000
A25: Restructuring & related reorganization charges | B25: 104871 | C25: 55907 | D25: 16738 | E25: - | F25: 24000
A26: Operating income (loss) | B26: 413566 | C26: 461702 | D26: 625138 | E26: 714000 | F26: 903000
A27: Interest income | B27: 16695 | C27: 19726 | D27: 34137 | E27: 71000 | F27: 59000
A28: Interest expense | B28: 126195 | C28: 173148 | D28: 181712 | E28: 190000 | F28: 173000
A29: Gain on sale of business | B29: 508810 | C29: - | D29: - | E29: - | F29: -
A30: Foreign exchange rate gains (losses), net | B30: 24787 | C30: -15244 | D30: -45614 | E30: 3000 | F30: -34000
A31: Noncontrolling investment basis adjustment | B31: -77400 | C31: - | D31: -1678 | E31: - | F31: -
A32: Losses on minority equity investments, net | B32: - | C32: - | D32: - | E32: 111000 | F32: -8000
A33: Other-then-temporary investment impairment | B33: - | C33: 12117 | D33: - | E33: - | F33: -
A34: Loss on investments, net | B34: - | C34: - | D34: -14318 | E34: - | F34: -
A35: Equity gains (losses) in unconsolidated affiliates | B35: -13 | C35: -1490 | D35: 232 | E35: - | F35: -
A36: Other income (expense) | B36: 10912 | C36: -2829 | D36: -2777 | E36: -2000 | F36: 12000
A37: Other income (expense), net | B37: 113086 | C37: -31680 | D37: -60799 | E37: -110000 | F37: -14000
A38: Total other income (expense), net | B38: 512396 | C38: -185102 | D38: -208374 | E38: -229000 | F38: -128000
A39: Income (loss) before income taxes - United States | B39: 24397 | C39: -47205 | D39: -44867 | E39: 32000 | F39: 172000
A40: Income (loss) before income taxes - foreign | B40: 901565 | C40: 323805 | D40: 461631 | E40: 453000 | F40: 603000
A41: Income (loss) before income taxes | B41: 925962 | C41: 276600 | D41: 416764 | E41: 485000 | F41: 775000
A42: Current federal income tax expense (benefit) | B42: 154050 | C42: -41418 | D42: 12671 | E42: 186000 | F42: 76000
A43: Current state income tax expense (benefit) | B43: 1440 | C43: 5875 | D43: 5862 | E43: 42000 | F43: 20000
A44: Current foreign income tax expense (benefit) | B44: 69359 | C44: 64946 | D44: 130180 | E44: 167000 | F44: 198000
A45: Current income tax expense (benefit) | B45: 224849 | C45: 29403 | D45: 148713 | E45: 395000 | F45: 294000
A46: Deferred federal income tax expense (benefit) | B46: -6865 | C46: -5166 | D46: -93842 | E46: -273000 | F46: -53000
A47: Deferred state income tax expense (benefit) | B47: 2156 | C47: -2863 | D47: -891 | E47: -25000 | F47: -9000
... A58: Net income (loss) per share - diluted | B58: 5.7 | C58: 1.82 | D58: 2.42 | E58: 2.65 | F58: 3.77
A59: Dividends per common share | B59: - | C59: - | D59: - | E59: 1.24 | F59: 1.32
A60: Total number of employees | B60: 18730 | C60: 20075 | D60: 22615 | E60: 24500 | F60: 25400
A61: Number of common stockholders | B61: 2650 | C61: 2360 | D61: 2110 | E61: 2014 | F61: 2729
A62: Number of common class B stockholders | B62: 1 | C62: 1 | D62: 1 | E62: 1 | F62: 1
A63: Foreign currency translation adjustments | B63: -147815 | C63: -10217 | D63: 189580 | E63: -86000 | F63: -5000

Sheet Cash Flow
A4: Powered by Clearbit
A5: Expedia Group Inc (NMS: EXPE)
A7: Exchange rate used is that of the Year End reported date
A10: As Reported Annual Cash Flow
A11: Report Date | B11: 2015 | C11: 2016 | D11: 2017 | E11: 2018 | F11: 2019
A12: Currency | B12: USD | C12: USD | D12: USD | E12: USD | F12: USD
A13: Audit Status | B13: Not Qualified | C13: Not Qualified | D13: Not Qualified | E13: Not Available | F13: Not Qualified
A14: Consolidated | B14: Yes | C14: Yes | D14: Yes | E14: Yes | F14: Yes
A15: Scale | B15: Thousands | C15: Thousands | D15: Thousands | E15: Thousands | F15: Thousands
A16: Net income (loss) | B16: 722748 | C16: 261285 | D16: 371359 | E16: 398000 | F16: 572000
A17: Depreciation of property & equipment, including internal-use software & website development | B17: 336680 | C17: 477061 | D17: 614099 | E17: 676000 | F17: 712000
A18: Amortization of stock-based compensation | B18: 178068 | C18: 242417 | D18: 149350 | E18: 203000 | F18: 241000
A19: Amortization & impairment of intangible assets | B19: - | C19: - | D19: - | E19: 325000 | F19: 198000
A20: Impairment of goodwill | B20: - | C20: - | D20: - | E20: 86000 | F20: -
A21: Amortization of intangible assets | B21: 163665 | C21: 317141 | D21: 275445 | E21: 0 | F21: 0
A22: Impairment of intangible assets | B22: - | C22: 34890 | D22: - | E22: - | F22: -
A23: Deferred income taxes | B23: -21635 | C23: -14088 | D23: -103308 | E23: -308000 | F23: -91000
A24: Foreign exchange (gain) loss on cash, restricted cash & short-term investments, net | B24: - | C24: - | D24: - | E24: 111000 | F24: -5000
A25: Foreign exchange (gain) loss on cash, cash equivalents & short-term investments, net | B25: 88528 | C25: 16253 | D25: -78819 | E25: - | F25: -
A26: Realized loss (gain) on foreign currency fowards | B26: -54226 | C26: 53089 | D26: -6335 | E26: -31000 | F26: -22000
A27: Loss on minority equity investments, net | B27: - | C27: - | D27: - | E27: 111000 | F27: -8000
A28: Loss (gain) on sale of business | B28: -508810 | C28: - | D28: - | E28: - | F28: -
A29: Noncontrolling interest basis adjustment | B29: -77400 | C29: - | D29: -1678 | E29: - | F29: -
A30: Other net income adjustments | B30: 15865 | C30: 7555 | D30: -13660 | E30: 22000 | F30: -21000
A31: Accounts receivable | B31: -198262 | C31: -276154 | D31: -455668 | E31: -282000 | F31: -368000
A32: Prepaid expenses & other assets | B32: - | C32: - | D32: - | E32: -29000 | F32: -193000
A33: Prepaid expenses & other current assets | B33: 97701 | C33: -30198 | D33: -116768 | E33: - | F33: -
A34: Accounts payable, merchant | B34: 97248 | C34: 184398 | D34: 315989 | E34: -134000 | F34: 224000
A35: Accounts payable, other, accrued expenses & other current liabilities | B35: 194458 | C35: 79202 | D35: 256728 | E35: 196000 | F35: 254000
A36: Tax payable/receivable, net | B36: 39776 | C36: -100525 | D36: -30577 | E36: 102000 | F36: -23000
A37: Deferred merchant bookings | B37: 299534 | C37: 261402 | D37: 592912 | E37: 489000 | F37: 1342000
A38: Deferred revenue | B38: -5893 | C38: 50606 | D38: 30085 | E38: 40000 | F38: -45000
A39: Net cash flows from operating activities | B39: 1368045 | C39: 1564334 | D39: 1799154 | E39: 1975000 | F39: 2767000
A40: Capital expenditures, including internal-use software & website development | B40: -787041 | C40: -749348 | D40: -710330 | E40: -878000 | F40: -1160000
A41: Purchases of investments | B41: -521329 | C41: -45352 | D41: -1811355 | E41: -1803000 | F41: -1346000
A42: Sales & maturities of investments | B42: 410923 | C42: 60935 | D42: 1096404 | E42: 2137000 | F42: 852000
A43: Acquisitions, net of cash & restricted cash acquired | B43: - | C43: - | D43: - | E43: -53000 | F43: 80000
A44: Acquisitions, net of cash acquired | B44: -2063649 | C44: -777 | D44: -170639 | E44: - | F44: -
A45: Proceeds from sale of business, net of cash divested and disposal costs | B45: 523882 | C45: 67088 | D45: - | E45: - | F45: -
A46: Net settlement of foreign currency forwards | B46: 54226 | C46: -53089 | D46: 6335 | E46: - | F46: -
A47: Other investing activities, net | B47: 11728 | C47: 2222 | D47: 7195 | E47: 38000 | F47: 21000
A48: Net cash flows from investing activities | B48: -2371260 | C48: -718321 | D48: -1582390 | E48: -559000 | F48: -1553000
A49: Payment of long-term debt | B49: - | C49: - | D49: - | E49: -500000 | F49: -
A50: Payment of Liberty Expedia Exchangeable Debentures | B50: - | C50: - | D50: - | E50: - | F50: -400000
A51: Proceeds from (payments of) issuance of long-term debt, net of issuance costs | B51: 1441860 | C51: -2093 | D51: 989600 | E51: - | F51: -
A52: Payment of HomeAway convertible notes | B52: - | C52: -401424 | D52: - | E52: - | F52: -
A53: Purchases of treasury stock | B53: -60546 | C53: -455746 | D53: -312089 | E53: -923000 | F53: -743000
A54: Proceeds from issuance of treasury stock | B54: 22575 | C54: - | D54: - | E54: 31000 | F54: -
A55: Payment of dividends to stockholders | B55: -108527 | C55: -150159 | D55: -175775 | E55: -186000 | F55: -195000
A56: Proceeds from issuance of long-term debt, net of issuance costs | B56: - | C56: - | D56: - | E56: - | F56: 1231000
A57: Proceeds from exercise of equity awards & employee stock purchase plan | B57: 97716 | C57: 141043 | D57: 229081 | E57: 166000 | F57: 301000
A58: Changes in controlled subsidiaries, net | B58: - | C58: 208016 | D58: -18137 | E58: -62000 | F58: -28000
A59: Excess tax benefit on equity awards | B59: 90855 | C59: - | D59: - | E59: - | F59: -
A60: Withholding taxes for stock option exercises | B60: -85033 | C60: -1282 | D60: -9063 | E60: - | F60: -
A61: Other financing activities, net | B61: 5299 | C61: -28974 | D61: -16103 | E61: -15000 | F61: 9000
A62: Net cash flows from financing activties | B62: 1404199 | C62: -690619 | D62: 687514 | E62: -1489000 | F62: 175000
A63: Effect of exchange rate changes on cash, cash equivalents & restricted cash & cash equivalents | B63: - | C63: - | D63: - | E63: -139000 | F63: 3000
A64: Net increase (decrease) in cash, cash equivalents & restricted cash & cash equivalents | B64: - | C64: - | D64: - | E64: -212000 | F64: 1392000
A65: Cash, cash equivalents & restricted cash & cash equivalents at beginning of year | B65: - | C65: - | D65: - | E65: 2917000 | F65: 2705000
A66: Cash, cash equivalents & restricted cash & cash equivalents at end of year | B66: - | C66: - | D66: - | E66: 2705000 | F66: 4097000
A67: Net cash provided by (used in) continuing operations | B67: 400984 | C67: - | D67: - | E67: - | F67: -
A68: Effect of exchange rate changes on cash & cash equivalents | B68: -127385 | C68: -34882 | D68: 145640 | E68: - | F68: -
A69: Net increase (decrease) in cash & cash equivalents | B69: 273599 | C69: 120512 | D69: 1049918 | E69: - | F69: -
A70: Cash & cash equivalents at beginning of year | B70: 1402700 | C70: 1676299 | D70: 1796811 | E70: - | F70: -
A71: Cash & cash equivalents at end of year | B71: 1676299 | C71: 1796811 | D71: 2846729 | E71: - | F71: -
A72: Cash paid for interest | B72: 109507 | C72: 153755 | D72: 162932 | E72: 196000 | F72: 157000
A73: Income tax payments, net | B73: 96834 | C73: 124291 | D73: 174180 | E73: 282000 | F73: 304000

Sheet Common Size Balance Sheet
A4: Powered by Clearbit
A5: Expedia Group Inc (NMS: EXPE)
A7: Exchange rate used is that of the Year End reported date
A10: As Reported Annual Balance Sheet
A11: Report Date | B11: 12/31/2018 | D11: 12/31/2017 | F11: 12/31/2016 | H11: 12/31/2015 | J11: 12/31/2014
A12: Currency | B12: USD | D12: USD | F12: USD | H12: USD | J12: USD
A13: Audit Status | B13: Not Available | D13: Not Qualified | F13: Not Qualified | H13: Not Qualified | J13: Not Qualified
A14: Consolidated | B14: Yes | D14: Yes | F14: Yes | H14: Yes | J14: Yes
A15: Scale | B15: Thousands | D15: Thousands | F15: Thousands | H15: Thousands | J15: Thousands
A16: Cash & cash equivalents | B16: 2443000 | C16: =IFERROR(B16/B$43,"Missing") -> 0.13547385 | D16: 2846729 | E16: =IFERROR(D16/D$43,"Missing") -> 0.15374736 | F16: 1796811 | G16: =IFERROR(F16/F$43,"Missing") -> 0.11388406 | H16: 1676299 | I16: =IFERROR(H16/H$43,"Missing") -> 0.10812173 | J16: 1402700 | K16: =IFERROR(J16/J$43,"Missing") -> 0.1555007
A17: Restricted cash & cash equivalents | B17: 259000 | C17: =IFERROR(B17/B$43,"Missing") -> 0.014362558 | D17: 69055 | E17: =IFERROR(D17/D$43,"Missing") -> 0.0037295521 | F17: 18733 | G17: =IFERROR(F17/F$43,"Missing") -> 0.0011873203 | H17: 11324 | I17: =IFERROR(H17/H$43,"Missing") -> 0.00073040101 | J17: 34888 | K17: =IFERROR(J17/J$43,"Missing") -> 0.0038676185
A18: Short-term investments | B18: 28000 | C18: =IFERROR(B18/B$43,"Missing") -> 0.0015527089 | D18: 468508 | E18: =IFERROR(D18/D$43,"Missing") -> 0.025303382 | F18: 72313 | G18: =IFERROR(F18/F$43,"Missing") -> 0.0045832856 | H18: 33739 | I18: =IFERROR(H18/H$43,"Missing") -> 0.0021761745 | J18: 355780 | K18: =IFERROR(J18/J$43,"Missing") -> 0.039441107
A19: Accounts receivables, gross | B19: 2185000 | C19: =IFERROR(B19/B$43,"Missing") -> 0.12116675 | D19: - | E19: =IFERROR(D19/D$43,"Missing") -> Missing | F19: - | G19: =IFERROR(F19/F$43,"Missing") -> Missing | H19: - | I19: =IFERROR(H19/H$43,"Missing") -> Missing | J19: - | K19: =IFERROR(J19/J$43,"Missing") -> Missing
A20: Less: allowance for doubtful accounts | B20: 34000 | C20: =IFERROR(B20/B$43,"Missing") -> 0.0018854323 | D20: - | E20: =IFERROR(D20/D$43,"Missing") -> Missing | F20: - | G20: =IFERROR(F20/F$43,"Missing") -> Missing | H20: - | I20: =IFERROR(H20/H$43,"Missing") -> Missing | J20: - | K20: =IFERROR(J20/J$43,"Missing") -> Missing
A21: Accounts receivables, net | B21: 2151000 | C21: =IFERROR(B21/B$43,"Missing") -> 0.11928132 | D21: - | E21: =IFERROR(D21/D$43,"Missing") -> Missing | F21: - | G21: =IFERROR(F21/F$43,"Missing") -> Missing | H21: - | I21: =IFERROR(H21/H$43,"Missing") -> Missing | J21: - | K21: =IFERROR(J21/J$43,"Missing") -> Missing
A22: Accounts & notes receivable, gross | B22: - | C22: =IFERROR(B22/B$43,"Missing") -> Missing | D22: 1896691 | E22: =IFERROR(D22/D$43,"Missing") -> 0.1024373 | F22: 1368525 | G22: =IFERROR(F22/F$43,"Missing") -> 0.086738774 | H22: 1109441 | I22: =IFERROR(H22/H$43,"Missing") -> 0.07155924 | J22: 792094 | K22: =IFERROR(J22/J$43,"Missing") -> 0.087810062
A23: Less: allowance for doubtful accounts | B23: - | C23: =IFERROR(B23/B$43,"Missing") -> Missing | D23: 30696 | E23: =IFERROR(D23/D$43,"Missing") -> 0.0016578428 | F23: 25278 | G23: =IFERROR(F23/F$43,"Missing") -> 0.0016021503 | H23: 27035 | I23: =IFERROR(H23/H$43,"Missing") -> 0.0017437647 | J23: 13760 | K23: =IFERROR(J23/J$43,"Missing") -> 0.0015254079
A24: Accounts & notes receivable, net | B24: - | C24: =IFERROR(B24/B$43,"Missing") -> Missing | D24: 1865995 | E24: =IFERROR(D24/D$43,"Missing") -> 0.10077946 | F24: 1343247 | G24: =IFERROR(F24/F$43,"Missing") -> 0.085136624 | H24: 1082406 | I24: =IFERROR(H24/H$43,"Missing") -> 0.069815475 | J24: 778334 | K24: =IFERROR(J24/J$43,"Missing") -> 0.086284654
A25: Deferred income taxes | B25: - | C25: =IFERROR(B25/B$43,"Missing") -> Missing | D25: - | E25: =IFERROR(D25/D$43,"Missing") -> Missing | F25: - | G25: =IFERROR(F25/F$43,"Missing") -> Missing | H25: - | I25: =IFERROR(H25/H$43,"Missing") -> Missing | J25: 169269 | K25: =IFERROR(J25/J$43,"Missing") -> 0.018764845
A26: Income taxes receivable | B26: 24000 | C26: =IFERROR(B26/B$43,"Missing") -> 0.0013308934 | D26: 20633 | E26: =IFERROR(D26/D$43,"Missing") -> 0.0011143559 | F26: 19402 | G26: =IFERROR(F26/F$43,"Missing") -> 0.0012297223 | H26: 13805 | I26: =IFERROR(H26/H$43,"Missing") -> 0.00089042617 | J26: 17161 | K26: =IFERROR(J26/J$43,"Missing") -> 0.0019024364
A27: Prepaid expenses & other current assets | B27: 292000 | C27: =IFERROR(B27/B$43,"Missing") -> 0.016192536 | D27: 268669 | E27: =IFERROR(D27/D$43,"Missing") -> 0.014510391 | F27: 199745 | G27: =IFERROR(F27/F$43,"Missing") -> 0.01266008 | H27: 161188 | I27: =IFERROR(H27/H$43,"Missing") -> 0.010396669 | J27: 166357 | K27: =IFERROR(J27/J$43,"Missing") -> 0.018442026
A28: Total current assets | B28: 5197000 | C28: =IFERROR(B28/B$43,"Missing") -> 0.28819387 | D28: 5539589 | E28: =IFERROR(D28/D$43,"Missing") -> 0.29918451 | F28: 3450251 | G28: =IFERROR(F28/F$43,"Missing") -> 0.21868109 | H28: 2978761 | I28: =IFERROR(H28/H$43,"Missing") -> 0.19213088 | J28: 2924489 | K28: =IFERROR(J28/J$43,"Missing") -> 0.32420339
A29: Capitalized software development | B29: 2643000 | C29: =IFERROR(B29/B$43,"Missing") -> 0.14656463 | D29: 2111262 | E29: =IFERROR(D29/D$43,"Missing") -> 0.11402595 | F29: 1606960 | G29: =IFERROR(F29/F$43,"Missing") -> 0.10185107 | H29: 1220822 | I29: =IFERROR(H29/H$43,"Missing") -> 0.078743344 | J29: 1041924 | K29: =IFERROR(J29/J$43,"Missing") -> 0.11550575
A30: Computer equipment | B30: 597000 | C30: =IFERROR(B30/B$43,"Missing") -> 0.033105972 | D30: 658031 | E30: =IFERROR(D30/D$43,"Missing") -> 0.035539221 | F30: 665652 | G30: =IFERROR(F30/F$43,"Missing") -> 0.042189831 | H30: 485074 | I30: =IFERROR(H30/H$43,"Missing") -> 0.031287402 | J30: 209328 | K30: =IFERROR(J30/J$43,"Missing") -> 0.023205711
A31: Furniture & other equipment | B31: 94000 | C31: =IFERROR(B31/B$43,"Missing") -> 0.0052126657 | D31: 84509 | E31: =IFERROR(D31/D$43,"Missing") -> 0.0045641984 | F31: 72811 | G31: =IFERROR(F31/F$43,"Missing") -> 0.0046148495 | H31: 65939 | I31: =IFERROR(H31/H$43,"Missing") -> 0.004253083 | J31: 146780 | K31: =IFERROR(J31/J$43,"Missing") -> 0.016271757
A32: Leasehold improvements | B32: - | C32: =IFERROR(B32/B$43,"Missing") -> Missing | D32: 282865 | E32: =IFERROR(D32/D$43,"Missing") -> 0.015277095 | F32: 241713 | G32: =IFERROR(F32/F$43,"Missing") -> 0.015320063 | H32: 199604 | I32: =IFERROR(H32/H$43,"Missing") -> 0.012874511 | J32: 135372 | K32: =IFERROR(J32/J$43,"Missing") -> 0.015007087
A33: Buildings & leasehold improvements | B33: 435000 | C33: =IFERROR(B33/B$43,"Missing") -> 0.024122442 | D33: - | E33: =IFERROR(D33/D$43,"Missing") -> Missing | F33: - | G33: =IFERROR(F33/F$43,"Missing") -> Missing | H33: - | I33: =IFERROR(H33/H$43,"Missing") -> Missing | J33: - | K33: =IFERROR(J33/J$43,"Missing") -> Missing
A34: Land | B34: 129000 | C34: =IFERROR(B34/B$43,"Missing") -> 0.0071535518 | D34: 129049 | E34: =IFERROR(D34/D$43,"Missing") -> 0.0069697339 | F34: 130812 | G34: =IFERROR(F34/F$43,"Missing") -> 0.0082910232 | H34: 130725 | I34: =IFERROR(H34/H$43,"Missing") -> 0.0084317973 | J34: - | K34: =IFERROR(J34/J$43,"Missing") -> Missing
A35: Total property & equipment, gross | B35: 3898000 | C35: =IFERROR(B35/B$43,"Missing") -> 0.21615926 | D35: 3265716 | E35: =IFERROR(D35/D$43,"Missing") -> 0.17637619 | F35: 2717948 | G35: =IFERROR(F35/F$43,"Missing") -> 0.17226684 | H35: 2102164 | I35: =IFERROR(H35/H$43,"Missing") -> 0.13559014 | J35: 1533404 | K35: =IFERROR(J35/J$43,"Missing") -> 0.1699903
A36: Less: accumulated depreciation | B36: 2552000 | C36: =IFERROR(B36/B$43,"Missing") -> 0.14151833 | D36: 2055720 | E36: =IFERROR(D36/D$43,"Missing") -> 0.11102621 | F36: 1575879 | G36: =IFERROR(F36/F$43,"Missing") -> 0.099881122 | H36: 1201744 | I36: =IFERROR(H36/H$43,"Missing") -> 0.077512808 | J36: 1011085 | K36: =IFERROR(J36/J$43,"Missing") -> 0.112087
A37: Projects in progress | B37: 531000 | C37: =IFERROR(B37/B$43,"Missing") -> 0.029446016 | D37: 365262 | E37: =IFERROR(D37/D$43,"Missing") -> 0.019727227 | F37: 252835 | G37: =IFERROR(F37/F$43,"Missing") -> 0.016024989 | H37: 163839 | I37: =IFERROR(H37/H$43,"Missing") -> 0.010567659 | J37: 30807 | K37: =IFERROR(J37/J$43,"Missing") -> 0.0034152065
A38: Property & equipment, net | B38: 1877000 | C38: =IFERROR(B38/B$43,"Missing") -> 0.10408695 | D38: 1575258 | E38: =IFERROR(D38/D$43,"Missing") -> 0.085077212 | F38: 1394904 | G38: =IFERROR(F38/F$43,"Missing") -> 0.088410707 | H38: 1064259 | I38: =IFERROR(H38/H$43,"Missing") -> 0.068644989 | J38: 553126 | K38: =IFERROR(J38/J$43,"Missing") -> 0.061318516
A39: Long-term investments & other assets | B39: 778000 | C39: =IFERROR(B39/B$43,"Missing") -> 0.043143126 | D39: 845450 | E39: =IFERROR(D39/D$43,"Missing") -> 0.045661427 | F39: 520058 | G39: =IFERROR(F39/F$43,"Missing") -> 0.032961907 | H39: 658439 | I39: =IFERROR(H39/H$43,"Missing") -> 0.042469491 | J39: 286882 | K39: =IFERROR(J39/J$43,"Missing") -> 0.031803203
A40: Deferred income taxes | B40: 69000 | C40: =IFERROR(B40/B$43,"Missing") -> 0.0038263184 | D40: 17930 | E40: =IFERROR(D40/D$43,"Missing") -> 0.00096837115 | F40: 23658 | G40: =IFERROR(F40/F$43,"Missing") -> 0.0014994727 | H40: 15458 | I40: =IFERROR(H40/H$43,"Missing") -> 0.00099704511 | J40: 10053 | K40: =IFERROR(J40/J$43,"Missing") -> 0.0011144568
A41: Intangible assets, net | B41: 1992000 | C41: =IFERROR(B41/B$43,"Missing") -> 0.11046415 | D41: 2308536 | E41: =IFERROR(D41/D$43,"Missing") -> 0.12468041 | F41: 2446652 | G41: =IFERROR(F41/F$43,"Missing") -> 0.15507177 | H41: 2793954 | I41: =IFERROR(H41/H$43,"Missing") -> 0.18021078 | J41: 1290087 | K41: =IFERROR(J41/J$43,"Missing") -> 0.14301664
A42: Goodwill | B42: 8120000 | C42: =IFERROR(B42/B$43,"Missing") -> 0.45028559 | D42: 8228865 | E42: =IFERROR(D42/D$43,"Missing") -> 0.44442808 | F42: 7942023 | G42: =IFERROR(F42/F$43,"Missing") -> 0.50337505 | H42: 7992941 | I42: =IFERROR(H42/H$43,"Missing") -> 0.51554682 | J42: 3955901 | K42: =IFERROR(J42/J$43,"Missing") -> 0.4385438
A43: Total assets | B43: 18033000 | C43: =IFERROR(B43/B$43,"Missing") -> 1 | D43: 18515628 | E43: =IFERROR(D43/D$43,"Missing") -> 1 | F43: 15777546 | G43: =IFERROR(F43/F$43,"Missing") -> 1 | H43: 15503812 | I43: =IFERROR(H43/H$43,"Missing") -> 1 | J43: 9020538 | K43: =IFERROR(J43/J$43,"Missing") -> 1
A44: Accounts payable, merchant | B44: 1699000 | C44: =IFERROR(B44/B$43,"Missing") -> 0.094216159 | D44: 1837936 | E44: =IFERROR(D44/D$43,"Missing") -> 0.099264038 | F44: 1509313 | G44: =IFERROR(F44/F$43,"Missing") -> 0.095662088 | H44: 1329870 | I44: =IFERROR(H44/H$43,"Missing") -> 0.085776969 | J44: 1188483 | K44: =IFERROR(J44/J$43,"Missing") -> 0.13175301
A45: Accounts payable, other | B45: 788000 | C45: =IFERROR(B45/B$43,"Missing") -> 0.043697665 | D45: 697560 | E45: =IFERROR(D45/D$43,"Missing") -> 0.03767412 | F45: 577012 | G45: =IFERROR(F45/F$43,"Missing") -> 0.03657172 | H45: 485557 | I45: =IFERROR(H45/H$43,"Missing") -> 0.031318556 | J45: 361382 | K45: =IFERROR(J45/J$43,"Missing") -> 0.040062134
A46: Deferred merchant bookings | B46: 4327000 | C46: =IFERROR(B46/B$43,"Missing") -> 0.23994898 | D46: 3219279 | E46: =IFERROR(D46/D$43,"Missing") -> 0.1738682 | F46: 2617791 | G46: =IFERROR(F46/F$43,"Missing") -> 0.16591877 | H46: 2337037 | I46: =IFERROR(H46/H$43,"Missing") -> 0.15073951 | J46: 1761258 | K46: =IFERROR(J46/J$43,"Missing") -> 0.19524977
... A49: Accrued expenses & other current liabilities | B49: 808000 | C49: =IFERROR(B49/B$43,"Missing") -> 0.044806743 | D49: 1264819 | E49: =IFERROR(D49/D$43,"Missing") -> 0.068310889 | F49: 1090826 | G49: =IFERROR(F49/F$43,"Missing") -> 0.069137875 | H49: 1469725 | I49: =IFERROR(H49/H$43,"Missing") -> 0.094797654 | J49: 753625 | K49: =IFERROR(J49/J$43,"Missing") -> 0.08354546
A50: Current maturities of long-term debt | B50: - | C50: =IFERROR(B50/B$43,"Missing") -> Missing | D50: 500000 | E50: =IFERROR(D50/D$43,"Missing") -> 0.027004215 | F50: - | G50: =IFERROR(F50/F$43,"Missing") -> Missing | H50: - | I50: =IFERROR(H50/H$43,"Missing") -> Missing | J50: - | K50: =IFERROR(J50/J$43,"Missing") -> Missing
A51: Total current liabilities | B51: 8060000 | C51: =IFERROR(B51/B$43,"Missing") -> 0.44695835 | D51: 7878690 | E51: =IFERROR(D51/D$43,"Missing") -> 0.42551568 | F51: 6127198 | G51: =IFERROR(F51/F$43,"Missing") -> 0.38834924 | H51: 5926017 | I51: =IFERROR(H51/H$43,"Missing") -> 0.38222967 | J51: 4186615 | K51: =IFERROR(J51/J$43,"Missing") -> 0.46412032
A52: Senior notes | B52: 3717000 | C52: =IFERROR(B52/B$43,"Missing") -> 0.20612211 | D52: 4249054 | E52: =IFERROR(D52/D$43,"Missing") -> 0.22948474 | F52: 3159336 | G52: =IFERROR(F52/F$43,"Missing") -> 0.20024255 | H52: 3201277 | I52: =IFERROR(H52/H$43,"Missing") -> 0.20648322 | J52: 1746787 | K52: =IFERROR(J52/J$43,"Missing") -> 0.19364555
A53: Current maturities of long-term debt | B53: - | C53: =IFERROR(B53/B$43,"Missing") -> Missing | D53: 500000 | E53: =IFERROR(D53/D$43,"Missing") -> 0.027004215 | F53: - | G53: =IFERROR(F53/F$43,"Missing") -> Missing | H53: - | I53: =IFERROR(H53/H$43,"Missing") -> Missing | J53: - | K53: =IFERROR(J53/J$43,"Missing") -> Missing
A54: Long-term debt | B54: 3717000 | C54: =IFERROR(B54/B$43,"Missing") -> 0.20612211 | D54: 3749054 | E54: =IFERROR(D54/D$43,"Missing") -> 0.20248052 | F54: 3159336 | G54: =IFERROR(F54/F$43,"Missing") -> 0.20024255 | H54: 3201277 | I54: =IFERROR(H54/H$43,"Missing") -> 0.20648322 | J54: 1746787 | K54: =IFERROR(J54/J$43,"Missing") -> 0.19364555
A55: Deferred income taxes | B55: 69000 | C55: =IFERROR(B55/B$43,"Missing") -> 0.0038263184 | D55: 328602 | E55: =IFERROR(D55/D$43,"Missing") -> 0.017747278 | F55: 484970 | G55: =IFERROR(F55/F$43,"Missing") -> 0.030737987 | H55: 473841 | I55: =IFERROR(H55/H$43,"Missing") -> 0.030562871 | J55: 452958 | K55: =IFERROR(J55/J$43,"Missing") -> 0.050214078
A56: Other long-term liabilities | B56: 506000 | C56: =IFERROR(B56/B$43,"Missing") -> 0.028059668 | D56: 408380 | E56: =IFERROR(D56/D$43,"Missing") -> 0.022055963 | F56: 312939 | G56: =IFERROR(F56/F$43,"Missing") -> 0.019834453 | H56: 314432 | I56: =IFERROR(H56/H$43,"Missing") -> 0.020280948 | J56: 180376 | K56: =IFERROR(J56/J$43,"Missing") -> 0.019996147
A57: Redeemable noncontrolling interests | B57: 30000 | C57: =IFERROR(B57/B$43,"Missing") -> 0.0016636167 | D57: 22334 | E57: =IFERROR(D57/D$43,"Missing") -> 0.0012062243 | F57: - | G57: =IFERROR(F57/F$43,"Missing") -> Missing | H57: 658478 | I57: =IFERROR(H57/H$43,"Missing") -> 0.042472006 | J57: 560073 | K57: =IFERROR(J57/J$43,"Missing") -> 0.062088647
A58: Common stock | B58: - | C58: =IFERROR(B58/B$43,"Missing") -> Missing | D58: 23 | E58: =IFERROR(D58/D$43,"Missing") -> 1.2421939e-06 | F58: 22 | G58: =IFERROR(F58/F$43,"Missing") -> 1.3943867e-06 | H58: 22 | I58: =IFERROR(H58/H$43,"Missing") -> 1.4190059e-06 | J58: 20 | K58: =IFERROR(J58/J$43,"Missing") -> 2.2171627e-06
A59: Class B common stock | B59: - | C59: =IFERROR(B59/B$43,"Missing") -> Missing | D59: 1 | E59: =IFERROR(D59/D$43,"Missing") -> 5.400843e-08 | F59: 1 | G59: =IFERROR(F59/F$43,"Missing") -> 6.3381213e-08 | H59: 1 | I59: =IFERROR(H59/H$43,"Missing") -> 6.4500266e-08 | J59: 1 | K59: =IFERROR(J59/J$43,"Missing") -> 1.1085813e-07
A60: Additional paid-in capital | B60: 9549000 | C60: =IFERROR(B60/B$43,"Missing") -> 0.5295292 | D60: 9162909 | E60: =IFERROR(D60/D$43,"Missing") -> 0.49487433 | F60: 8794298 | G60: =IFERROR(F60/F$43,"Missing") -> 0.55739327 | H60: 8696508 | I60: =IFERROR(H60/H$43,"Missing") -> 0.56092708 | J60: 5892862 | K60: =IFERROR(J60/J$43,"Missing") -> 0.65327168
A61: Treasury stock - common stock, at cost | B61: 5742000 | C61: =IFERROR(B61/B$43,"Missing") -> 0.31841624 | D61: 4822743 | E61: =IFERROR(D61/D$43,"Missing") -> 0.26046878 | F61: 4510655 | G61: =IFERROR(F61/F$43,"Missing") -> 0.28589078 | H61: 4054909 | I61: =IFERROR(H61/H$43,"Missing") -> 0.26154271 | J61: 3998120 | K61: =IFERROR(J61/J$43,"Missing") -> 0.44322412
A62: Retained earnings (accumulated deficit) | B62: 517000 | C62: =IFERROR(B62/B$43,"Missing") -> 0.028669661 | D62: 331078 | E62: =IFERROR(D62/D$43,"Missing") -> 0.017881003 | F62: 129034 | G62: =IFERROR(F62/F$43,"Missing") -> 0.0081783314 | H62: 507666 | I62: =IFERROR(H62/H$43,"Missing") -> 0.032744592 | J62: 28278 | K62: =IFERROR(J62/J$43,"Missing") -> 0.0031348463
A63: Accumulated unrealized gains (losses) on derivatives | B63: - | C63: =IFERROR(B63/B$43,"Missing") -> Missing | D63: - | E63: =IFERROR(D63/D$43,"Missing") -> Missing | F63: -280426 | G63: =IFERROR(F63/F$43,"Missing") -> -0.01777374 | H63: -284767 | I63: =IFERROR(H63/H$43,"Missing") -> -0.018367547 | J63: - | K63: =IFERROR(J63/J$43,"Missing") -> Missing
A64: Accumulated foreign currency translation adjustment | B64: - | C64: =IFERROR(B64/B$43,"Missing") -> Missing | D64: - | E64: =IFERROR(D64/D$43,"Missing") -> Missing | F64: 27 | G64: =IFERROR(F64/F$43,"Missing") -> 1.7112927e-06 | H64: -127 | I64: =IFERROR(H64/H$43,"Missing") -> -8.1915338e-06 | J64: - | K64: =IFERROR(J64/J$43,"Missing") -> Missing
A65: Foreign currency translation adjustments, net of tax | B65: -220000 | C65: =IFERROR(B65/B$43,"Missing") -> -0.012199856 | D65: -142255 | E65: =IFERROR(D65/D$43,"Missing") -> -0.0076829692 | F65: - | G65: =IFERROR(F65/F$43,"Missing") -> Missing | H65: - | I65: =IFERROR(H65/H$43,"Missing") -> Missing | J65: - | K65: =IFERROR(J65/J$43,"Missing") -> Missing
A66: Net unrealized gain (loss) on available for sale securities, net of tax | B66: - | C66: =IFERROR(B66/B$43,"Missing") -> Missing | D66: -6678 | E66: =IFERROR(D66/D$43,"Missing") -> -0.0003606683 | F66: - | G66: =IFERROR(F66/F$43,"Missing") -> Missing | H66: - | I66: =IFERROR(H66/H$43,"Missing") -> Missing | J66: - | K66: =IFERROR(J66/J$43,"Missing") -> Missing
A67: Accumulated other comprehensive income (loss) | B67: -220000 | C67: =IFERROR(B67/B$43,"Missing") -> -0.012199856 | D67: -148933 | E67: =IFERROR(D67/D$43,"Missing") -> -0.0080436375 | F67: -280399 | G67: =IFERROR(F67/F$43,"Missing") -> -0.017772029 | H67: -284894 | I67: =IFERROR(H67/H$43,"Missing") -> -0.018375739 | J67: -138774 | K67: =IFERROR(J67/J$43,"Missing") -> -0.015384227
A68: Total Expedia Group, Inc. stockholders' equity | B68: 4104000 | C68: =IFERROR(B68/B$43,"Missing") -> 0.22758276 | D68: 4522335 | E68: =IFERROR(D68/D$43,"Missing") -> 0.24424421 | F68: 4132301 | G68: =IFERROR(F68/F$43,"Missing") -> 0.26191025 | H68: 4864394 | I68: =IFERROR(H68/H$43,"Missing") -> 0.31375471 | J68: 1784267 | K68: =IFERROR(J68/J$43,"Missing") -> 0.19780051
A69: Non-redeemable non-controlling interests | B69: 1547000 | C69: =IFERROR(B69/B$43,"Missing") -> 0.085787168 | D69: 1606233 | E69: =IFERROR(D69/D$43,"Missing") -> 0.086750123 | F69: 1560802 | G69: =IFERROR(F69/F$43,"Missing") -> 0.098925524 | H69: 65373 | I69: =IFERROR(H69/H$43,"Missing") -> 0.0042165759 | J69: 109462 | K69: =IFERROR(J69/J$43,"Missing") -> 0.012134753
A70: Total stockholders' equity | B70: 5651000 | C70: =IFERROR(B70/B$43,"Missing") -> 0.31336993 | D70: 6128568 | E70: =IFERROR(D70/D$43,"Missing") -> 0.33099434 | F70: 5693103 | G70: =IFERROR(F70/F$43,"Missing") -> 0.36083577 | H70: 4929767 | I70: =IFERROR(H70/H$43,"Missing") -> 0.31797128 | J70: 1893729 | K70: =IFERROR(J70/J$43,"Missing") -> 0.20993526

Sheet Common Size Income Statement
A4: Powered by Clearbit
A5: Expedia Group Inc (NMS: EXPE)
A7: Exchange rate used is that of the Year End reported date
A10: As Reported Annual Income Statement
A11: Report Date | B11: 12/31/2018 | D11: 12/31/2017 | F11: 12/31/2016 | H11: 12/31/2015 | J11: 12/31/2014
A12: Currency | B12: USD | D12: USD | F12: USD | H12: USD | J12: USD
A13: Audit Status | B13: Not Available | D13: Not Qualified | F13: Not Qualified | H13: Not Qualified | J13: Not Qualified
A14: Consolidated | B14: Yes | D14: Yes | F14: Yes | H14: Yes | J14: Yes
A15: Scale | B15: Thousands | D15: Thousands | F15: Thousands | H15: Thousands | J15: Thousands
A16: Revenue | B16: 11223000 | C16: =IFERROR(B16/B$16,"Missing") -> 1 | D16: 10059844 | E16: =IFERROR(D16/D$16,"Missing") -> 1 | F16: 8773564 | G16: =IFERROR(F16/F$16,"Missing") -> 1 | H16: 6672317 | I16: =IFERROR(H16/H$16,"Missing") -> 1 | J16: 5763485 | K16: =IFERROR(J16/J$16,"Missing") -> 1
A17: Cost of revenue | B17: 1965000 | C17: =IFERROR(B17/B$16,"Missing") -> 0.17508688 | D17: 1756531 | E17: =IFERROR(D17/D$16,"Missing") -> 0.17460817 | F17: 1596698 | G17: =IFERROR(F17/F$16,"Missing") -> 0.18198967 | H17: 1309559 | I17: =IFERROR(H17/H$16,"Missing") -> 0.1962675 | J17: 1179081 | K17: =IFERROR(J17/J$16,"Missing") -> 0.20457779
A18: Selling & marketing expenses | B18: 5767000 | C18: =IFERROR(B18/B$16,"Missing") -> 0.51385548 | D18: 5297832 | E18: =IFERROR(D18/D$16,"Missing") -> 0.52663163 | F18: 4367417 | G18: =IFERROR(F18/F$16,"Missing") -> 0.4977928 | H18: 3381086 | I18: =IFERROR(H18/H$16,"Missing") -> 0.50673342 | J18: 2808329 | K18: =IFERROR(J18/J$16,"Missing") -> 0.48726231
A19: Technology & content expenses | B19: 1617000 | C19: =IFERROR(B19/B$16,"Missing") -> 0.14407912 | D19: 1386787 | E19: =IFERROR(D19/D$16,"Missing") -> 0.13785373 | F19: 1235019 | G19: =IFERROR(F19/F$16,"Missing") -> 0.14076594 | H19: 830244 | I19: =IFERROR(H19/H$16,"Missing") -> 0.12443114 | J19: 686154 | K19: =IFERROR(J19/J$16,"Missing") -> 0.11905193
A20: General & administrative expenses | B20: 808000 | C20: =IFERROR(B20/B$16,"Missing") -> 0.07199501 | D20: 675961 | E20: =IFERROR(D20/D$16,"Missing") -> 0.067193984 | F20: 678292 | G20: =IFERROR(F20/F$16,"Missing") -> 0.077310885 | H20: 573913 | I20: =IFERROR(H20/H$16,"Missing") -> 0.086014049 | J20: 425373 | K20: =IFERROR(J20/J$16,"Missing") -> 0.073804825
A21: Amortization of intangible assets | B21: 283000 | C21: =IFERROR(B21/B$16,"Missing") -> 0.025216074 | D21: 275445 | E21: =IFERROR(D21/D$16,"Missing") -> 0.027380643 | F21: 317141 | G21: =IFERROR(F21/F$16,"Missing") -> 0.03614734 | H21: 163665 | I21: =IFERROR(H21/H$16,"Missing") -> 0.02452896 | J21: 79615 | K21: =IFERROR(J21/J$16,"Missing") -> 0.013813691
A22: Impairment of goodwill | B22: 86000 | C22: =IFERROR(B22/B$16,"Missing") -> 0.0076628352 | D22: - | E22: =IFERROR(D22/D$16,"Missing") -> Missing | F22: - | G22: =IFERROR(F22/F$16,"Missing") -> Missing | H22: - | I22: =IFERROR(H22/H$16,"Missing") -> Missing | J22: - | K22: =IFERROR(J22/J$16,"Missing") -> Missing
A23: Impairment of intangible assets | B23: 42000 | C23: =IFERROR(B23/B$16,"Missing") -> 0.0037423149 | D23: - | E23: =IFERROR(D23/D$16,"Missing") -> Missing | F23: 34890 | G23: =IFERROR(F23/F$16,"Missing") -> 0.0039767192 | H23: - | I23: =IFERROR(H23/H$16,"Missing") -> Missing | J23: - | K23: =IFERROR(J23/J$16,"Missing") -> Missing
A24: Legal reserves, occupancy tax & other expenses | B24: -59000 | C24: =IFERROR(B24/B$16,"Missing") -> -0.0052570614 | D24: 25412 | E24: =IFERROR(D24/D$16,"Missing") -> 0.0025260829 | F24: 26498 | G24: =IFERROR(F24/F$16,"Missing") -> 0.0030202093 | H24: -104587 | I24: =IFERROR(H24/H$16,"Missing") -> -0.015674765 | J24: 41539 | K24: =IFERROR(J24/J$16,"Missing") -> 0.0072072713
A25: Restructuring & related reorganization charges | B25: - | C25: =IFERROR(B25/B$16,"Missing") -> Missing | D25: 16738 | E25: =IFERROR(D25/D$16,"Missing") -> 0.0016638429 | F25: 55907 | G25: =IFERROR(F25/F$16,"Missing") -> 0.0063722109 | H25: 104871 | I25: =IFERROR(H25/H$16,"Missing") -> 0.015717329 | J25: 25630 | K25: =IFERROR(J25/J$16,"Missing") -> 0.0044469622
A26: Operating income (loss) | B26: 714000 | C26: =IFERROR(B26/B$16,"Missing") -> 0.063619353 | D26: 625138 | E26: =IFERROR(D26/D$16,"Missing") -> 0.062141918 | F26: 461702 | G26: =IFERROR(F26/F$16,"Missing") -> 0.052624224 | H26: 413566 | I26: =IFERROR(H26/H$16,"Missing") -> 0.061982367 | J26: 517764 | K26: =IFERROR(J26/J$16,"Missing") -> 0.08983523
A27: Interest income | B27: 71000 | C27: =IFERROR(B27/B$16,"Missing") -> 0.0063262942 | D27: 34137 | E27: =IFERROR(D27/D$16,"Missing") -> 0.0033933926 | F27: 19726 | G27: =IFERROR(F27/F$16,"Missing") -> 0.0022483451 | H27: 16695 | I27: =IFERROR(H27/H$16,"Missing") -> 0.0025021293 | J27: 27288 | K27: =IFERROR(J27/J$16,"Missing") -> 0.0047346354
A28: Interest expense | B28: 190000 | C28: =IFERROR(B28/B$16,"Missing") -> 0.01692952 | D28: 181712 | E28: =IFERROR(D28/D$16,"Missing") -> 0.018063103 | F28: 173148 | G28: =IFERROR(F28/F$16,"Missing") -> 0.019735195 | H28: 126195 | I28: =IFERROR(H28/H$16,"Missing") -> 0.01891322 | J28: 98089 | K28: =IFERROR(J28/J$16,"Missing") -> 0.017019043
A29: Gain on sale of business | B29: - | C29: =IFERROR(B29/B$16,"Missing") -> Missing | D29: - | E29: =IFERROR(D29/D$16,"Missing") -> Missing | F29: - | G29: =IFERROR(F29/F$16,"Missing") -> Missing | H29: 508810 | I29: =IFERROR(H29/H$16,"Missing") -> 0.076256868 | J29: - | K29: =IFERROR(J29/J$16,"Missing") -> Missing
A30: Foreign exchange rate gains (losses), net | B30: 3000 | C30: =IFERROR(B30/B$16,"Missing") -> 0.00026730821 | D30: -45614 | E30: =IFERROR(D30/D$16,"Missing") -> -0.0045342651 | F30: -15244 | G30: =IFERROR(F30/F$16,"Missing") -> -0.0017374923 | H30: 24787 | I30: =IFERROR(H30/H$16,"Missing") -> 0.0037149014 | J30: 6069 | K30: =IFERROR(J30/J$16,"Missing") -> 0.0010530087
A31: Noncontrolling investment basis adjustment | B31: - | C31: =IFERROR(B31/B$16,"Missing") -> Missing | D31: -1678 | E31: =IFERROR(D31/D$16,"Missing") -> -0.00016680179 | F31: - | G31: =IFERROR(F31/F$16,"Missing") -> Missing | H31: -77400 | I31: =IFERROR(H31/H$16,"Missing") -> -0.011600168 | J31: -2783 | K31: =IFERROR(J31/J$16,"Missing") -> -0.00048286757
A32: Losses on minority equity investments, net | B32: 111000 | C32: =IFERROR(B32/B$16,"Missing") -> 0.0098904036 | D32: - | E32: =IFERROR(D32/D$16,"Missing") -> Missing | F32: - | G32: =IFERROR(F32/F$16,"Missing") -> Missing | H32: - | I32: =IFERROR(H32/H$16,"Missing") -> Missing | J32: - | K32: =IFERROR(J32/J$16,"Missing") -> Missing
A33: Other-then-temporary investment impairment | B33: - | C33: =IFERROR(B33/B$16,"Missing") -> Missing | D33: - | E33: =IFERROR(D33/D$16,"Missing") -> Missing | F33: 12117 | G33: =IFERROR(F33/F$16,"Missing") -> 0.0013810807 | H33: - | I33: =IFERROR(H33/H$16,"Missing") -> Missing | J33: - | K33: =IFERROR(J33/J$16,"Missing") -> Missing
A34: Loss on investments, net | B34: - | C34: =IFERROR(B34/B$16,"Missing") -> Missing | D34: -14318 | E34: =IFERROR(D34/D$16,"Missing") -> -0.0014232825 | F34: - | G34: =IFERROR(F34/F$16,"Missing") -> Missing | H34: - | I34: =IFERROR(H34/H$16,"Missing") -> Missing | J34: - | K34: =IFERROR(J34/J$16,"Missing") -> Missing
A35: Equity gains (losses) in unconsolidated affiliates | B35: - | C35: =IFERROR(B35/B$16,"Missing") -> Missing | D35: 232 | E35: =IFERROR(D35/D$16,"Missing") -> 2.3061988e-05 | F35: -1490 | G35: =IFERROR(F35/F$16,"Missing") -> -0.00016982836 | H35: -13 | I35: =IFERROR(H35/H$16,"Missing") -> -1.9483487e-06 | J35: 2743 | K35: =IFERROR(J35/J$16,"Missing") -> 0.00047592733
A36: Other income (expense) | B36: -2000 | C36: =IFERROR(B36/B$16,"Missing") -> -0.00017820547 | D36: -2777 | E36: =IFERROR(D36/D$16,"Missing") -> -0.00027604802 | F36: -2829 | G36: =IFERROR(F36/F$16,"Missing") -> -0.00032244593 | H36: 10912 | I36: =IFERROR(H36/H$16,"Missing") -> 0.0016354139 | J36: 6083 | K36: =IFERROR(J36/J$16,"Missing") -> 0.0010554378
A37: Other income (expense), net | B37: -110000 | C37: =IFERROR(B37/B$16,"Missing") -> -0.0098013009 | D37: -60799 | E37: =IFERROR(D37/D$16,"Missing") -> -0.0060437319 | F37: -31680 | G37: =IFERROR(F37/F$16,"Missing") -> -0.0036108473 | H37: 113086 | I37: =IFERROR(H37/H$16,"Missing") -> 0.016948535 | J37: 17678 | K37: =IFERROR(J37/J$16,"Missing") -> 0.0030672414
A38: Total other income (expense), net | B38: -229000 | C38: =IFERROR(B38/B$16,"Missing") -> -0.020404526 | D38: -208374 | E38: =IFERROR(D38/D$16,"Missing") -> -0.020713442 | F38: -185102 | G38: =IFERROR(F38/F$16,"Missing") -> -0.021097698 | H38: 512396 | I38: =IFERROR(H38/H$16,"Missing") -> 0.076794313 | J38: -53123 | K38: =IFERROR(J38/J$16,"Missing") -> -0.0092171663
A39: Income (loss) before income taxes - United States | B39: 32000 | C39: =IFERROR(B39/B$16,"Missing") -> 0.0028512875 | D39: -44867 | E39: =IFERROR(D39/D$16,"Missing") -> -0.0044600095 | F39: -47205 | G39: =IFERROR(F39/F$16,"Missing") -> -0.0053803677 | H39: 24397 | I39: =IFERROR(H39/H$16,"Missing") -> 0.003656451 | J39: 176820 | K39: =IFERROR(J39/J$16,"Missing") -> 0.030679355
A40: Income (loss) before income taxes - foreign | B40: 453000 | C40: =IFERROR(B40/B$16,"Missing") -> 0.040363539 | D40: 461631 | E40: =IFERROR(D40/D$16,"Missing") -> 0.045888485 | F40: 323805 | G40: =IFERROR(F40/F$16,"Missing") -> 0.036906894 | H40: 901565 | I40: =IFERROR(H40/H$16,"Missing") -> 0.13512023 | J40: 287821 | K40: =IFERROR(J40/J$16,"Missing") -> 0.049938709
A41: Income (loss) before income taxes | B41: 485000 | C41: =IFERROR(B41/B$16,"Missing") -> 0.043214827 | D41: 416764 | E41: =IFERROR(D41/D$16,"Missing") -> 0.041428475 | F41: 276600 | G41: =IFERROR(F41/F$16,"Missing") -> 0.031526527 | H41: 925962 | I41: =IFERROR(H41/H$16,"Missing") -> 0.13877668 | J41: 464641 | K41: =IFERROR(J41/J$16,"Missing") -> 0.080618064
A42: Current federal income tax expense (benefit) | B42: 186000 | C42: =IFERROR(B42/B$16,"Missing") -> 0.016573109 | D42: 12671 | E42: =IFERROR(D42/D$16,"Missing") -> 0.0012595623 | F42: -41418 | G42: =IFERROR(F42/F$16,"Missing") -> -0.0047207725 | H42: 154050 | I42: =IFERROR(H42/H$16,"Missing") -> 0.023087932 | J42: 120541 | K42: =IFERROR(J42/J$16,"Missing") -> 0.020914603
A43: Current state income tax expense (benefit) | B43: 42000 | C43: =IFERROR(B43/B$16,"Missing") -> 0.0037423149 | D43: 5862 | E43: =IFERROR(D43/D$16,"Missing") -> 0.00058271281 | F43: 5875 | G43: =IFERROR(F43/F$16,"Missing") -> 0.00066962525 | H43: 1440 | I43: =IFERROR(H43/H$16,"Missing") -> 0.00021581708 | J43: 6645 | K43: =IFERROR(J43/J$16,"Missing") -> 0.0011529483
A44: Current foreign income tax expense (benefit) | B44: 167000 | C44: =IFERROR(B44/B$16,"Missing") -> 0.014880157 | D44: 130180 | E44: =IFERROR(D44/D$16,"Missing") -> 0.012940559 | F44: 64946 | G44: =IFERROR(F44/F$16,"Missing") -> 0.007402465 | H44: 69359 | I44: =IFERROR(H44/H$16,"Missing") -> 0.01039504 | J44: 43536 | K44: =IFERROR(J44/J$16,"Missing") -> 0.007553763
A45: Current income tax expense (benefit) | B45: 395000 | C45: =IFERROR(B45/B$16,"Missing") -> 0.035195581 | D45: 148713 | E45: =IFERROR(D45/D$16,"Missing") -> 0.014782834 | F45: 29403 | G45: =IFERROR(F45/F$16,"Missing") -> 0.0033513177 | H45: 224849 | I45: =IFERROR(H45/H$16,"Missing") -> 0.033698789 | J45: 170722 | K45: =IFERROR(J45/J$16,"Missing") -> 0.029621314
A46: Deferred federal income tax expense (benefit) | B46: -273000 | C46: =IFERROR(B46/B$16,"Missing") -> -0.024325047 | D46: -93842 | E46: =IFERROR(D46/D$16,"Missing") -> -0.0093283753 | F46: -5166 | G46: =IFERROR(F46/F$16,"Missing") -> -0.00058881431 | H46: -6865 | I46: =IFERROR(H46/H$16,"Missing") -> -0.001028878 | J46: -47390 | K46: =IFERROR(J46/J$16,"Missing") -> -0.0082224557
A47: Deferred state income tax expense (benefit) | B47: -25000 | C47: =IFERROR(B47/B$16,"Missing") -> -0.0022275684 | D47: -891 | E47: =IFERROR(D47/D$16,"Missing") -> -8.8569962e-05 | F47: -2863 | G47: =IFERROR(F47/F$16,"Missing") -> -0.00032632121 | H47: 2156 | I47: =IFERROR(H47/H$16,"Missing") -> 0.00032312613 | J47: -2419 | K47: =IFERROR(J47/J$16,"Missing") -> -0.00041971134
... A50: Provision for income taxes | B50: 87000 | C50: =IFERROR(B50/B$16,"Missing") -> 0.007751938 | D50: 45405 | E50: =IFERROR(D50/D$16,"Missing") -> 0.0045134895 | F50: 15315 | G50: =IFERROR(F50/F$16,"Missing") -> 0.0017455848 | H50: 203214 | I50: =IFERROR(H50/H$16,"Missing") -> 0.030456287 | J50: 91691 | K50: =IFERROR(J50/J$16,"Missing") -> 0.015908951
A51: Income (loss) from continuing operations | B51: - | C51: =IFERROR(B51/B$16,"Missing") -> Missing | D51: - | E51: =IFERROR(D51/D$16,"Missing") -> Missing | F51: - | G51: =IFERROR(F51/F$16,"Missing") -> Missing | H51: - | I51: =IFERROR(H51/H$16,"Missing") -> Missing | J51: 372950 | K51: =IFERROR(J51/J$16,"Missing") -> 0.064709113
A52: Net income (loss) | B52: 398000 | C52: =IFERROR(B52/B$16,"Missing") -> 0.035462889 | D52: 371359 | E52: =IFERROR(D52/D$16,"Missing") -> 0.036914986 | F52: 261285 | G52: =IFERROR(F52/F$16,"Missing") -> 0.029780942 | H52: 722748 | I52: =IFERROR(H52/H$16,"Missing") -> 0.10832039 | J52: 372950 | K52: =IFERROR(J52/J$16,"Missing") -> 0.064709113
A53: Net income (loss) attributable to noncontrolling interests | B53: 8000 | C53: =IFERROR(B53/B$16,"Missing") -> 0.00071282188 | D53: 6605 | E53: =IFERROR(D53/D$16,"Missing") -> 0.00065657082 | F53: 20563 | G53: =IFERROR(F53/F$16,"Missing") -> 0.0023437454 | H53: 41717 | I53: =IFERROR(H53/H$16,"Missing") -> 0.0062522509 | J53: 25147 | K53: =IFERROR(J53/J$16,"Missing") -> 0.0043631587
A54: Net income (loss) attributable to Expedia Group, Inc. | B54: 406000 | C54: =IFERROR(B54/B$16,"Missing") -> 0.036175711 | D54: 377964 | E54: =IFERROR(D54/D$16,"Missing") -> 0.037571557 | F54: 281848 | G54: =IFERROR(F54/F$16,"Missing") -> 0.032124687 | H54: 764465 | I54: =IFERROR(H54/H$16,"Missing") -> 0.11457264 | J54: 398097 | K54: =IFERROR(J54/J$16,"Missing") -> 0.069072271
A55: Weighted average shares outstanding - basic | B55: 149961 | C55: =IFERROR(B55/B$16,"Missing") -> 0.013361935 | D55: 151619 | E55: =IFERROR(D55/D$16,"Missing") -> 0.015071705 | F55: 150367 | G55: =IFERROR(F55/F$16,"Missing") -> 0.017138645 | H55: 130159 | I55: =IFERROR(H55/H$16,"Missing") -> 0.019507317 | J55: 128912 | K55: =IFERROR(J55/J$16,"Missing") -> 0.022367023
A56: Weighted average shares outstanding - diluted | B56: 152889 | C56: =IFERROR(B56/B$16,"Missing") -> 0.013622828 | D56: 156385 | E56: =IFERROR(D56/D$16,"Missing") -> 0.01554547 | F56: 154517 | G56: =IFERROR(F56/F$16,"Missing") -> 0.017611657 | H56: 134018 | I56: =IFERROR(H56/H$16,"Missing") -> 0.020085676 | J56: 133168 | K56: =IFERROR(J56/J$16,"Missing") -> 0.023105465
A57: Year end shares outstanding | B57: 147134 | C57: =IFERROR(B57/B$16,"Missing") -> 0.013110042 | D57: 151739 | E57: =IFERROR(D57/D$16,"Missing") -> 0.015083634 | F57: 150032 | G57: =IFERROR(F57/F$16,"Missing") -> 0.017100462 | H57: 150259 | I57: =IFERROR(H57/H$16,"Missing") -> 0.022519763 | J57: 127067 | K57: =IFERROR(J57/J$16,"Missing") -> 0.022046904
A58: Earnings (loss) per share from continuing operations - basic | B58: - | C58: =IFERROR(B58/B$16,"Missing") -> Missing | D58: - | E58: =IFERROR(D58/D$16,"Missing") -> Missing | F58: - | G58: =IFERROR(F58/F$16,"Missing") -> Missing | H58: - | I58: =IFERROR(H58/H$16,"Missing") -> Missing | J58: 3.09 | K58: =IFERROR(J58/J$16,"Missing") -> 5.3613395e-07
A59: Net income (loss) per share - basic | B59: 2.71 | C59: =IFERROR(B59/B$16,"Missing") -> 2.4146841e-07 | D59: 2.49 | E59: =IFERROR(D59/D$16,"Missing") -> 2.4751875e-07 | F59: 1.87 | G59: =IFERROR(F59/F$16,"Missing") -> 2.1314029e-07 | H59: 5.87 | I59: =IFERROR(H59/H$16,"Missing") -> 8.7975436e-07 | J59: 3.09 | K59: =IFERROR(J59/J$16,"Missing") -> 5.3613395e-07
A60: Earnings (loss) per share from continuing operations - diluted | B60: - | C60: =IFERROR(B60/B$16,"Missing") -> Missing | D60: - | E60: =IFERROR(D60/D$16,"Missing") -> Missing | F60: - | G60: =IFERROR(F60/F$16,"Missing") -> Missing | H60: - | I60: =IFERROR(H60/H$16,"Missing") -> Missing | J60: 2.99 | K60: =IFERROR(J60/J$16,"Missing") -> 5.1878334e-07
A61: Net income (loss) per share - diluted | B61: 2.65 | C61: =IFERROR(B61/B$16,"Missing") -> 2.3612225e-07 | D61: 2.42 | E61: =IFERROR(D61/D$16,"Missing") -> 2.4056039e-07 | F61: 1.82 | G61: =IFERROR(F61/F$16,"Missing") -> 2.0744135e-07 | H61: 5.7 | I61: =IFERROR(H61/H$16,"Missing") -> 8.5427596e-07 | J61: 2.99 | K61: =IFERROR(J61/J$16,"Missing") -> 5.1878334e-07
A62: Dividends per common share | B62: 1.24 | C62: =IFERROR(B62/B$16,"Missing") -> 1.1048739e-07 | D62: - | E62: =IFERROR(D62/D$16,"Missing") -> Missing | F62: - | G62: =IFERROR(F62/F$16,"Missing") -> Missing | H62: - | I62: =IFERROR(H62/H$16,"Missing") -> Missing | J62: 0.66 | K62: =IFERROR(J62/J$16,"Missing") -> 1.1451405e-07
A63: Total number of employees | B63: 24500 | C63: =IFERROR(B63/B$16,"Missing") -> 0.002183017 | D63: 22615 | E63: =IFERROR(D63/D$16,"Missing") -> 0.0022480468 | F63: 20075 | G63: =IFERROR(F63/F$16,"Missing") -> 0.0022881237 | H63: 18730 | I63: =IFERROR(H63/H$16,"Missing") -> 0.0028071208 | J63: 18210 | K63: =IFERROR(J63/J$16,"Missing") -> 0.0031595467
A64: Number of common stockholders | B64: 2014 | C64: =IFERROR(B64/B$16,"Missing") -> 0.00017945291 | D64: 2110 | E64: =IFERROR(D64/D$16,"Missing") -> 0.0002097448 | F64: 2360 | G64: =IFERROR(F64/F$16,"Missing") -> 0.00026898989 | H64: 2650 | I64: =IFERROR(H64/H$16,"Missing") -> 0.00039716338 | J64: 2810 | K64: =IFERROR(J64/J$16,"Missing") -> 0.00048755224
A65: Number of common class B stockholders | B65: 1 | C65: =IFERROR(B65/B$16,"Missing") -> 8.9102735e-08 | D65: 1 | E65: =IFERROR(D65/D$16,"Missing") -> 9.940512e-08 | F65: 1 | G65: =IFERROR(F65/F$16,"Missing") -> 1.1397877e-07 | H65: 1 | I65: =IFERROR(H65/H$16,"Missing") -> 1.4987298e-07 | J65: 1 | K65: =IFERROR(J65/J$16,"Missing") -> 1.7350613e-07
A66: Foreign currency translation adjustments | B66: -86000 | C66: =IFERROR(B66/B$16,"Missing") -> -0.0076628352 | D66: 189580 | E66: =IFERROR(D66/D$16,"Missing") -> 0.018845223 | F66: -10217 | G66: =IFERROR(F66/F$16,"Missing") -> -0.0011645211 | H66: -147815 | I66: =IFERROR(H66/H$16,"Missing") -> -0.022153474 | J66: - | K66: =IFERROR(J66/J$16,"Missing") -> Missing

Sheet Comparisons 2014-2018
A4: Powered by Clearbit
A5: Expedia Group Inc (NMS: EXPE)
A8: General Company Information
A9: Principal Office | B9: Website
A10: 333 108th Avenue N.E. Bellevue, WA 98004 USA | B10: www.expediainc.com
A12: Phone | B12: Primary NAICS
A13: 425 679-7200 | B13: 561510 : Travel Agencies
A15: Auditor | B15: Closing Stock Price
A16: Ernst & Young LLP | B16: 108.71 (as of 02/10/2020)
A18: Number of Employees | B18: Incorporated
A19: 24,500 (Approximate Full-Time as of 12/31/2018) | B19: April 2005 , DE, United States
A21: Country | B21: Mergent Dividend Achiever
A22: United States | B22: No
A24: Exchange and Ticker | B24: Number of Shareholders
A25: NMS : EXPE | B25: 2,014 (approx. common) (as of 01/25/2019)
A27: Primary SIC
A28: 4724 : Travel agencies
A31: Business Summary
A32: Expedia Group is an online travel company. Co.'s portfolio of brands includes: Expedia.com®, an online travel company; Hotels.com®, a global lodging company operating websites with its Hotels.com® Rewards loyalty program; Expedia® Partner Solutions, a
A33: global business-to-business brand that provides the hotel business of airlines, travel agencies, loyalty and corporate travel companies plus several consumer brands through its API and template solutions; trivago®, an online hotel metasearch platform;
A34: HomeAway®, a global online marketplace for the alternative accommodations industry, which also includes the VRBO brand, among others; and Egencia®, a corporate travel management company.
A36: * all results are stated in US Dollars
A38: Target Country (United States)
A39: Peer Grouping by: | B39: NAIC
A40: Peer Scope: | B40: country
A42: Company Name | B42: Quick Ratio - 2018 | C42: Quick Ratio - 2017 | D42: Quick Ratio - 2016 | E42: Quick Ratio - 2015 | F42: Quick Ratio - 2014 | G42: Inventory Turnover - 2018 | H42: Inventory Turnover - 2017 | I42: Inventory Turnover - 2016 | J42: Inventory Turnover - 2015 | K42: Inventory Turnover - 2014 | L42: Total Asset Turnover - 2018 | M42: Total Asset Turnover - 2017 | N42: Total Asset Turnover - 2016 | O42: Total Asset Turnover - 2015 | P42: Total Asset Turnover - 2014 | Q42: Total Debt to Equity - 2018 | R42: Total Debt to Equity - 2017 | S42: Total Debt to Equity - 2016 | T42: Total Debt to Equity - 2015 | U42: Total Debt to Equity - 2014 | V42: ROA % (Net) - 2018 | W42: ROA % (Net) - 2017 | X42: ROA % (Net) - 2016 | Y42: ROA % (Net) - 2015 | Z42: ROA % (Net) - 2014 | AA42: ROE % (Net) - 2018 | AB42: ROE % (Net) - 2017 | AC42: ROE % (Net) - 2016 | AD42: ROE % (Net) - 2015 | AE42: ROE % (Net) - 2014 | AF42: Net Profit Margin % - 2018 | AG42: Net Profit Margin % - 2017 | AH42: Net Profit Margin % - 2016 | AI42: Net Profit Margin % - 2015 | AJ42: Net Profit Margin % - 2014
B43: Peer Avr: 0.84 | C43: Peer Avr: 0.7 | D43: Peer Avr: 0.57 | E43: Peer Avr: 0.73 | F43: Peer Avr: 0.94 | G43: Peer Avr: 60.7 | H43: Peer Avr: 54.17 | I43: Peer Avr: 45.3 | J43: Peer Avr: 54.01 | K43: Peer Avr: 58.91 | L43: Peer Avr: 0.72 | M43: Peer Avr: 0.93 | N43: Peer Avr: 1.05 | O43: Peer Avr: 0.81 | P43: Peer Avr: 0.88 | Q43: Peer Avr: 1.6 | R43: Peer Avr: 1.72 | S43: Peer Avr: 1.82 | T43: Peer Avr: 2.2 | U43: Peer Avr: 6.67 | V43: Peer Avr: 4.44 | W43: Peer Avr: 2.84 | X43: Peer Avr: 4.36 | Y43: Peer Avr: 5.88 | Z43: Peer Avr: 5.54 | AA43: Peer Avr: 16.6 | AB43: Peer Avr: 12.4 | AC43: Peer Avr: 37.45 | AD43: Peer Avr: 39.69 | AE43: Peer Avr: 13.82 | AF43: Peer Avr: 7.4 | AG43: Peer Avr: 5.29 | AH43: Peer Avr: 21.41 | AI43: Peer Avr: 13.96 | AJ43: Peer Avr: 7.04
A44: Avalon Holdings Corp. | B44: 0.4 | C44: 0.29 | D44: 0.41 | E44: 0.31 | F44: 0.51 | G44: 59.63 | H44: 55.05 | I44: 63.03 | J44: 49.74 | K44: - | L44: 0.96 | M44: 0.84 | N44: 0.94 | O44: 0.88 | P44: 0.91 | Q44: 0.31 | R44: 0.32 | S44: 0.32 | T44: 0.21 | U44: 0.11 | V44: -1.76 | W44: -0.46 | X44: -0.11 | Y44: -1.19 | Z44: -1.9 | AA44: -3.01 | AB44: -0.8 | AC44: -0.18 | AD44: -1.82 | AE44: -2.7 | AF44: -1.84 | AG44: -0.55 | AH44: -0.11 | AI44: -1.34 | AJ44: -2.1
A45: Booking Holdings Inc | B45: 2.2 | C45: 2.46 | D45: 1.81 | E45: 2.29 | F45: 3.58 | G45: - | H45: - | I45: - | J45: - | K45: - | L45: 0.6 | M45: 0.56 | N45: 0.58 | O45: 0.57 | P45: 0.67 | Q45: 0.98 | R45: 0.85 | S45: 0.73 | T45: 0.7 | U45: 0.45 | V45: 16.61 | W45: 10.34 | X45: 11.43 | Y45: 15.77 | Z45: 19.08 | AA45: 39.89 | AB45: 22.21 | AC45: 22.87 | AD45: 29.39 | AE45: 31.3 | AF45: 27.52 | AG45: 18.46 | AH45: 19.87 | AI45: 27.66 | AJ45: 28.69
A46: Boyd Gaming Corp. | B46: 0.68 | C46: 0.69 | D46: 0.64 | E46: 0.55 | F46: 0.51 | G46: 71.07 | H46: 68.2 | I46: 68.86 | J46: 77.77 | K46: 84.54 | L46: 0.5 | M46: 0.51 | N46: 0.48 | O46: 0.5 | P46: 0.53 | Q46: 3.47 | R46: 2.79 | S46: 3.46 | T46: 6.44 | U46: 7.9 | V46: 2.2 | W46: 4.04 | X46: 9.24 | Y46: 1.07 | Z46: -1.04 | AA46: 10.24 | AB46: 18.59 | AC46: 57.82 | AD46: 9.99 | AE46: -11.68 | AF46: 4.38 | AG46: 7.94 | AH46: 19.14 | AI46: 2.15 | AJ46: -1.96
A47: Business Development Solutions Inc | B47: - | C47: - | D47: - | E47: - | F47: - | G47: - | H47: - | I47: - | J47: - | K47: - | L47: - | M47: - | N47: - | O47: - | P47: - | Q47: - | R47: - | S47: - | T47: - | U47: - | V47: - | W47: - | X47: - | Y47: - | Z47: - | AA47: - | AB47: - | AC47: - | AD47: - | AE47: - | AF47: - | AG47: - | AH47: - | AI47: - | AJ47: -
A48: Dynamic Leisure Corp | B48: - | C48: - | D48: - | E48: - | F48: - | G48: - | H48: - | I48: - | J48: - | K48: - | L48: - | M48: - | N48: - | O48: - | P48: - | Q48: - | R48: - | S48: - | T48: - | U48: - | V48: - | W48: - | X48: - | Y48: - | Z48: - | AA48: - | AB48: - | AC48: - | AD48: - | AE48: - | AF48: - | AG48: - | AH48: - | AI48: - | AJ48: -
A49: Expedia Group Inc | B49: 0.57 | C49: 0.66 | D49: 0.52 | E49: 0.47 | F49: 0.61 | G49: - | H49: - | I49: - | J49: - | K49: - | L49: 0.61 | M49: 0.59 | N49: 0.56 | O49: 0.54 | P49: 0.69 | Q49: 0.91 | R49: 0.94 | S49: 0.76 | T49: 0.66 | U49: 0.98 | V49: 2.22 | W49: 2.2 | X49: 1.8 | Y49: 6.23 | Z49: 4.75 | AA49: 9.41 | AB49: 8.73 | AC49: 6.25 | AD49: 23 | AE49: 20.26 | AF49: 3.62 | AG49: 3.76 | AH49: 3.21 | AI49: 11.46 | AJ49: 6.91
A50: Expedia Inc | B50: - | C50: - | D50: - | E50: - | F50: - | G50: - | H50: - | I50: - | J50: - | K50: - | L50: - | M50: - | N50: - | O50: - | P50: - | Q50: - | R50: - | S50: - | T50: - | U50: - | V50: - | W50: - | X50: - | Y50: - | Z50: - | AA50: - | AB50: - | AC50: - | AD50: - | AE50: - | AF50: - | AG50: - | AH50: - | AI50: - | AJ50: -
A51: Intrav, Inc. | B51: - | C51: - | D51: - | E51: - | F51: - | G51: - | H51: - | I51: - | J51: - | K51: - | L51: - | M51: - | N51: - | O51: - | P51: - | Q51: - | R51: - | S51: - | T51: - | U51: - | V51: - | W51: - | X51: - | Y51: - | Z51: - | AA51: - | AB51: - | AC51: - | AD51: - | AE51: - | AF51: - | AG51: - | AH51: - | AI51: - | AJ51: -
A52: Isdera North America Inc | B52: - | C52: - | D52: - | E52: - | F52: - | G52: - | H52: - | I52: - | J52: - | K52: - | L52: - | M52: - | N52: - | O52: - | P52: - | Q52: - | R52: - | S52: - | T52: - | U52: - | V52: - | W52: - | X52: - | Y52: - | Z52: - | AA52: - | AB52: - | AC52: - | AD52: - | AE52: - | AF52: - | AG52: - | AH52: - | AI52: - | AJ52: -
A53: Kish Bancorp Inc. | B53: - | C53: - | D53: - | E53: - | F53: - | G53: - | H53: - | I53: - | J53: - | K53: - | L53: 0.05 | M53: 0.05 | N53: - | O53: - | P53: - | Q53: 1.31 | R53: 1.53 | S53: 1.67 | T53: - | U53: - | V53: 0.73 | W53: 0.54 | X53: - | Y53: - | Z53: - | AA53: 10.39 | AB53: 7.53 | AC53: - | AD53: - | AE53: - | AF53: 14.56 | AG53: 11.61 | AH53: 13.93 | AI53: - | AJ53: -
A54: Liberty Expedia Holdings Inc | B54: 0.58 | C54: 0.67 | D54: 0.52 | E54: - | F54: - | G54: - | H54: - | I54: 11.31 | J54: - | K54: - | L54: 0.35 | M54: 0.3 | N54: 0.09 | O54: - | P54: - | Q54: 1.77 | R54: 1.87 | S54: 1.37 | T54: 0.05 | U54: - | V54: -0.39 | W54: -0.57 | X54: 13.02 | Y54: - | Z54: - | AA54: -5.11 | AB54: -7.15 | AC54: 133.09 | AD54: - | AE54: - | AF54: -1.12 | AG54: -1.87 | AH54: 144.97 | AI54: 60.43 | AJ54: 9.89
A55: OneLink Corp | B55: - | C55: - | D55: - | E55: - | F55: - | G55: - | H55: - | I55: - | J55: - | K55: - | L55: - | M55: - | N55: - | O55: - | P55: - | Q55: - | R55: - | S55: - | T55: - | U55: - | V55: - | W55: - | X55: - | Y55: - | Z55: - | AA55: - | AB55: - | AC55: - | AD55: - | AE55: - | AF55: - | AG55: - | AH55: - | AI55: - | AJ55: -
A56: OneTravel Holdings Inc | B56: - | C56: - | D56: - | E56: - | F56: - | G56: - | H56: - | I56: - | J56: - | K56: - | L56: - | M56: - | N56: - | O56: - | P56: - | Q56: - | R56: - | S56: - | T56: - | U56: - | V56: - | W56: - | X56: - | Y56: - | Z56: - | AA56: - | AB56: - | AC56: - | AD56: - | AE56: - | AF56: - | AG56: - | AH56: - | AI56: - | AJ56: -
A57: Online Vacation Center Holdings Corp | B57: 0.83 | C57: 0.1 | D57: 0.18 | E57: 0.01 | F57: 0.02 | G57: - | H57: - | I57: - | J57: - | K57: - | L57: 1.31 | M57: 1.08 | N57: 1.1 | O57: 1.07 | P57: 1.11 | Q57: - | R57: - | S57: - | T57: - | U57: 0 | V57: 9.07 | W57: 3.11 | X57: 6.54 | Y57: 4.67 | Z57: 8.2 | AA57: 35.58 | AB57: 10.92 | AC57: 23.57 | AD57: 16.58 | AE57: 30.42 | AF57: 6.93 | AG57: 2.87 | AH57: 5.92 | AI57: 4.38 | AJ57: 7.36
A58: Preview Travel, Inc. | B58: - | C58: - | D58: - | E58: - | F58: - | G58: - | H58: - | I58: - | J58: - | K58: - | L58: - | M58: - | N58: - | O58: - | P58: - | Q58: - | R58: - | S58: - | T58: - | U58: - | V58: - | W58: - | X58: - | Y58: - | Z58: - | AA58: - | AB58: - | AC58: - | AD58: - | AE58: - | AF58: - | AG58: - | AH58: - | AI58: - | AJ58: -
A59: Provell Inc. | B59: - | C59: - | D59: - | E59: - | F59: - | G59: - | H59: - | I59: - | J59: - | K59: - | L59: - | M59: - | N59: - | O59: - | P59: - | Q59: - | R59: - | S59: - | T59: - | U59: - | V59: - | W59: - | X59: - | Y59: - | Z59: - | AA59: - | AB59: - | AC59: - | AD59: - | AE59: - | AF59: - | AG59: - | AH59: - | AI59: - | AJ59: -
A60: RFP Express Inc | B60: - | C60: - | D60: - | E60: - | F60: - | G60: - | H60: - | I60: - | J60: - | K60: - | L60: - | M60: - | N60: - | O60: - | P60: - | Q60: - | R60: - | S60: - | T60: - | U60: - | V60: - | W60: - | X60: - | Y60: - | Z60: - | AA60: - | AB60: - | AC60: - | AD60: - | AE60: - | AF60: - | AG60: - | AH60: - | AI60: - | AJ60: -
A61: Sabre Corp | B61: 1.05 | C61: 0.91 | D61: 0.67 | E61: 0.72 | F61: 0.6 | G61: - | H61: - | I61: - | J61: - | K61: - | L61: 0.68 | M61: 0.63 | N61: 0.61 | O61: 0.59 | P61: 0.56 | Q61: 3.52 | R61: 4.98 | S61: 5.53 | T61: 6.96 | U61: 36.82 | V61: 5.89 | W61: 4.26 | X61: 4.35 | Y61: 10.79 | Z61: 1.46 | AA61: 40.66 | AB61: 36.85 | AC61: 43.75 | AD61: 192.59 | AE61: - | AF61: 8.73 | AG61: 6.74 | AH61: 7.19 | AI61: 18.42 | AJ61: 2.63
A62: Sinorama Corp | B62: - | C62: 0.07 | D62: 0.06 | E62: - | F62: - | G62: - | H62: - | I62: - | J62: - | K62: - | L62: - | M62: 3.25 | N62: 3.52 | O62: - | P62: - | Q62: - | R62: - | S62: - | T62: - | U62: - | V62: - | W62: -1.53 | X62: -12.4 | Y62: - | Z62: - | AA62: - | AB62: - | AC62: - | AD62: - | AE62: - | AF62: - | AG62: -0.47 | AH62: -3.52 | AI62: 0.08 | AJ62: -
A63: Travel Services International, Inc. | B63: - | C63: - | D63: - | E63: - | F63: - | G63: - | H63: - | I63: - | J63: - | K63: - | L63: - | M63: - | N63: - | O63: - | P63: - | Q63: - | R63: - | S63: - | T63: - | U63: - | V63: - | W63: - | X63: - | Y63: - | Z63: - | AA63: - | AB63: - | AC63: - | AD63: - | AE63: - | AF63: - | AG63: - | AH63: - | AI63: - | AJ63: -
A64: Travelocity.com Inc | B64: - | C64: - | D64: - | E64: - | F64: - | G64: - | H64: - | I64: - | J64: - | K64: - | L64: - | M64: - | N64: - | O64: - | P64: - | Q64: - | R64: - | S64: - | T64: - | U64: - | V64: - | W64: - | X64: - | Y64: - | Z64: - | AA64: - | AB64: - | AC64: - | AD64: - | AE64: - | AF64: - | AG64: - | AH64: - | AI64: - | AJ64: -
A65: Travelstar Inc | B65: - | C65: - | D65: - | E65: - | F65: - | G65: - | H65: - | I65: - | J65: - | K65: - | L65: - | M65: - | N65: - | O65: - | P65: - | Q65: - | R65: - | S65: - | T65: - | U65: - | V65: - | W65: - | X65: - | Y65: - | Z65: - | AA65: - | AB65: - | AC65: - | AD65: - | AE65: - | AF65: - | AG65: - | AH65: - | AI65: - | AJ65: -
A66: Universal Travel Group | B66: - | C66: - | D66: - | E66: - | F66: - | G66: - | H66: - | I66: - | J66: - | K66: - | L66: - | M66: - | N66: - | O66: - | P66: - | Q66: - | R66: - | S66: - | T66: - | U66: - | V66: - | W66: - | X66: - | Y66: - | Z66: - | AA66: - | AB66: - | AC66: - | AD66: - | AE66: - | AF66: - | AG66: - | AH66: - | AI66: - | AJ66: -
A67: Viad Corp. | B67: 0.38 | C67: 0.45 | D67: 0.34 | E67: 0.77 | F67: 0.75 | G67: 51.41 | H67: 39.25 | I67: 37.99 | J67: 34.52 | K67: 33.29 | L67: 1.41 | M67: 1.46 | N67: 1.54 | O67: 1.55 | P67: 1.67 | Q67: 0.53 | R67: 0.49 | S67: 0.7 | T67: 0.4 | U67: 0.42 | V67: 5.34 | W67: 6.45 | X67: 5.4 | Y67: 3.78 | Z67: 8.2 | AA67: 11.36 | AB67: 14.67 | AC67: 12.4 | AD67: 8.09 | AE67: 15.33 | AF67: 3.79 | AG67: 4.42 | AH67: 3.51 | AI67: 2.44 | AJ67: 4.92
A68: YTB International, Inc. | B68: - | C68: - | D68: - | E68: - | F68: - | G68: - | H68: - | I68: - | J68: - | K68: - | L68: - | M68: - | N68: - | O68: - | P68: - | Q68: - | R68: - | S68: - | T68: - | U68: - | V68: - | W68: - | X68: - | Y68: - | Z68: - | AA68: - | AB68: - | AC68: - | AD68: - | AE68: - | AF68: - | AG68: - | AH68: - | AI68: - | AJ68: -

Sheet Comparisons 2018
A4: Powered by Clearbit
A5: Expedia Group Inc (NMS: EXPE)
A8: General Company Information
A9: Principal Office | B9: Website
A10: 333 108th Avenue N.E. Bellevue, WA 98004 USA | B10: www.expediainc.com
A12: Phone | B12: Primary NAICS
A13: 425 679-7200 | B13: 561510 : Travel Agencies
A15: Auditor | B15: Closing Stock Price
A16: Ernst & Young LLP | B16: 108.71 (as of 02/10/2020)
A18: Number of Employees | B18: Incorporated
A19: 24,500 (Approximate Full-Time as of 12/31/2018) | B19: April 2005 , DE, United States
A21: Country | B21: Mergent Dividend Achiever
A22: United States | B22: No
A24: Exchange and Ticker | B24: Number of Shareholders
A25: NMS : EXPE | B25: 2,014 (approx. common) (as of 01/25/2019)
A27: Primary SIC
A28: 4724 : Travel agencies
A31: Business Summary
A32: Expedia Group is an online travel company. Co.'s portfolio of brands includes: Expedia.com®, an online travel company; Hotels.com®, a global lodging company operating websites with its Hotels.com® Rewards loyalty program; Expedia® Partner Solutions, a
A33: global business-to-business brand that provides the hotel business of airlines, travel agencies, loyalty and corporate travel companies plus several consumer brands through its API and template solutions; trivago®, an online hotel metasearch platform;
A34: HomeAway®, a global online marketplace for the alternative accommodations industry, which also includes the VRBO brand, among others; and Egencia®, a corporate travel management company.
A36: * all results are stated in US Dollars
A38: Target Country (United States)
A39: Peer Grouping by: | B39: NAIC
A40: Peer Scope: | B40: country
A42: Company Name | B42: Quick Ratio - 2018 | C42: Inventory Turnover - 2018 | D42: Total Asset Turnover - 2018 | E42: Total Debt to Equity - 2018 | F42: ROA % (Net) - 2018 | G42: ROE % (Net) - 2018 | H42: Net Profit Margin % - 2018
A43: Peer Averages | B43: 0.84 | C43: 60.7 | D43: 0.72 | E43: 1.6 | F43: 4.44 | G43: 16.6 | H43: 7.4
A44: Avalon Holdings Corp. | B44: 0.4 | C44: 59.63 | D44: 0.96 | E44: 0.31 | F44: -1.76 | G44: -3.01 | H44: -1.84
A45: Booking Holdings Inc | B45: 2.2 | C45: - | D45: 0.6 | E45: 0.98 | F45: 16.61 | G45: 39.89 | H45: 27.52
A46: Boyd Gaming Corp. | B46: 0.68 | C46: 71.07 | D46: 0.5 | E46: 3.47 | F46: 2.2 | G46: 10.24 | H46: 4.38
A47: Business Development Solutions Inc | B47: - | C47: - | D47: - | E47: - | F47: - | G47: - | H47: -
A48: Dynamic Leisure Corp | B48: - | C48: - | D48: - | E48: - | F48: - | G48: - | H48: -
A49: Expedia Group Inc | B49: 0.57 | C49: - | D49: 0.61 | E49: 0.91 | F49: 2.22 | G49: 9.41 | H49: 3.62
A50: Expedia Inc | B50: - | C50: - | D50: - | E50: - | F50: - | G50: - | H50: -
A51: Intrav, Inc. | B51: - | C51: - | D51: - | E51: - | F51: - | G51: - | H51: -
A52: Isdera North America Inc | B52: - | C52: - | D52: - | E52: - | F52: - | G52: - | H52: -
A53: Kish Bancorp Inc. | B53: - | C53: - | D53: 0.05 | E53: 1.31 | F53: 0.73 | G53: 10.39 | H53: 14.56
A54: Liberty Expedia Holdings Inc | B54: 0.58 | C54: - | D54: 0.35 | E54: 1.77 | F54: -0.39 | G54: -5.11 | H54: -1.12
A55: OneLink Corp | B55: - | C55: - | D55: - | E55: - | F55: - | G55: - | H55: -
A56: OneTravel Holdings Inc | B56: - | C56: - | D56: - | E56: - | F56: - | G56: - | H56: -
A57: Online Vacation Center Holdings Corp | B57: 0.83 | C57: - | D57: 1.31 | E57: - | F57: 9.07 | G57: 35.58 | H57: 6.93
A58: Preview Travel, Inc. | B58: - | C58: - | D58: - | E58: - | F58: - | G58: - | H58: -
A59: Provell Inc. | B59: - | C59: - | D59: - | E59: - | F59: - | G59: - | H59: -
A60: RFP Express Inc | B60: - | C60: - | D60: - | E60: - | F60: - | G60: - | H60: -
A61: Sabre Corp | B61: 1.05 | C61: - | D61: 0.68 | E61: 3.52 | F61: 5.89 | G61: 40.66 | H61: 8.73
A62: Sinorama Corp | B62: - | C62: - | D62: - | E62: - | F62: - | G62: - | H62: -
A63: Travel Services International, Inc. | B63: - | C63: - | D63: - | E63: - | F63: - | G63: - | H63: -
A64: Travelocity.com Inc | B64: - | C64: - | D64: - | E64: - | F64: - | G64: - | H64: -
A65: Travelstar Inc | B65: - | C65: - | D65: - | E65: - | F65: - | G65: - | H65: -
A66: Universal Travel Group | B66: - | C66: - | D66: - | E66: - | F66: - | G66: - | H66: -
A67: Viad Corp. | B67: 0.38 | C67: 51.41 | D67: 1.41 | E67: 0.53 | F67: 5.34 | G67: 11.36 | H67: 3.79
A68: YTB International, Inc. | B68: - | C68: - | D68: - | E68: - | F68: - | G68: - | H68: å

Sheet EXPE_LTM
A1: LTM Calculations For | B1: EXPE
B3: Fiscal year ended | G3: LTM
B4: 43830 | G4: 43830
A5: Revenues | B5: 12067 | G5: =B5 -> 12067
A6: EBIT | B6: 903 | G6: =B6 -> 903
A7: EBITDA | B7: =B6+712+241+198 -> 2054 | G7: =B7 -> 2054
G9: As of
G10: 43830
A11: Net debt | G11: 1376
A12: Preferred stock | G12: 0
A13: Non-controlling Interest | G13: 1569
A15: Cash/MS | G15: 4094
A16: Total Assets | G16: 21416

Sheet BKNG_LTM
A1: LTM Calculations For | B1: BKNG
B3: Fiscal year ended | G3: LTM
B4: 43830 | G4: 43830
A5: Revenues | B5: 15066 | G5: =B5 -> 15066
A6: EBIT | B6: 5345 | G6: =B6 -> 5345
A7: EBITDA | B7: =B6+469 -> 5814 | G7: =B7 -> 5814
G9: As of
G10: 43830
A11: Net debt | G11: 792
A12: Preferred stock | G12: 0
A13: Non-controlling Interest | G13: 0
A15: Cash/MS | G15: 7310
A16: Total Assets | G16: 21402

Sheet TRIP_LTM
A1: LTM Calculations For | B1: BKNG
B3: Fiscal year ended | G3: LTM
B4: 43830 | G4: 43830
A5: Revenues | B5: 1560 | G5: =B5 -> 1560
A6: EBIT | B6: 187 | G6: =B6 -> 187
A7: EBITDA | B7: =B6+93 -> 280 | G7: =B7 -> 280
G9: As of
G10: 43830
A11: Net debt | G11: =0-319 -> -319
A12: Preferred stock | G12: 0
A13: Non-controlling Interest | G13: 0
A15: Cash/MS | G15: 319
A16: Total Assets | G16: 1984

Sheet SABR_LTM
A1: LTM Calculations For | B1: SABR
B3: Fiscal year ended | G3: LTM
B4: 43830 | G4: 43830
A5: Revenues | B5: 3974.998 | G5: =B5 -> 3974.998
A6: EBIT | B6: 363.417 | G6: =B6 -> 363.417
A7: EBITDA | B7: =B6+414.621 -> 778.038 | G7: =B7 -> 778.038
G9: As of
G10: 43830
A11: Net debt | G11: 2907.26
A12: Preferred stock | G12: 0
A13: Non-controlling Interest | G13: 8.58
A15: Cash/MS | G15: 436.176
A16: Total Assets | G16: 5689.957

Sheet MAR_LTM
A1: LTM Calculations For | B1: MAR
B3: Fiscal year ended | G3: LTM
B4: 43830 | G4: 43830
A5: Revenues | B5: 20972 | G5: =B5 -> 20972
A6: EBIT | B6: 1800 | G6: =B6 -> 1800
A7: EBITDA | B7: =B6+403 -> 2203 | G7: =B7 -> 2203
G9: As of
G10: 43830
A11: Net debt | G11: 11597
A12: Preferred stock | G12: 0
A13: Non-controlling Interest | G13: 0
A15: Cash/MS | G15: 225
A16: Total Assets | G16: 25051

Sheet HLT_LTM
A1: LTM Calculations For | B1: HLT
B3: Fiscal year ended | G3: LTM
B4: 43830 | G4: 43830
A5: Revenues | B5: 9452 | G5: =B5 -> 9452
A6: EBIT | B6: 1657 | G6: =B6 -> 1657
A7: EBITDA | B7: =B6+346 -> 2003 | G7: =B7 -> 2003
G9: As of
G10: 43830
A11: Net debt | G11: 8400
A12: Preferred stock | G12: 0
A13: Non-controlling Interest | G13: 10
A15: Cash/MS | G15: 630
A16: Total Assets | G16: 2093

Sheet TCOM_LTM
A1: LTM Calculations For | B1: TCOM
B3: Fiscal year ended | G3: LTM
B4: 43830 | G4: 43830
A5: Revenues | B5: 5129 | G5: =B5 -> 5129
A6: EBIT | B6: 723 | G6: =B6 -> 723
A7: EBITDA | B7: =B6+94+63+51 -> 931 | G7: =B7 -> 931
G9: As of
G10: 43830
A11: Net debt | G11: 4173
A12: Preferred stock | G12: 0
A13: Non-controlling Interest | G13: 325
A15: Cash/MS | G15: 3124
A16: Total Assets | G16: 28752
